Workbook

Sheet Copyright
B1: Copyright Notice
C4: The content in this file was created by Divintara AI.
C5: Individual users are permitted to recreate the examples for personal practice only.
C6: Recreating the examples for training or demonstration to others is not permitted, unless written consent is granted by M&B Digital Ventures.
C8: The workbook and any sheets within must be accompanied by the following copyright notice:Divintara AI.
C11: Any uses of this workbook and/or data must include the above attribution.
C13: Disclaimer: Use this workbook at your own risk. Business Simplified Co offers no guarantee that this file is free from errors. You should do your own due dilligence to ensure it meets your needs.

Sheet Set Up Your Model
B1: Set Up Your Model
C5: Instructions | O5: Outputs
C6: Welcome to Financial Modelling by Divintara AI! | O6: Click on the below buttons to quickly view the outputs of the model
C7: This tool aims to de-mystify financial modelling for new business owners and help you validate your business planning for next 5 years
C9: Follow the steps below to get started:
C10: 1. Revenue Streams - Choose the applicable revenue streams in the box below by choosing "Yes". This will enable a new worksheet in the file for you to calculate the expected revenue from each revenue stream.
C12: 2. Costs - Choose the applicable costs in the box below by choosing "Yes". This will enable a new worksheet in the file for you to calculate the different types of costs that will impact your business
C14: 3. Other Inputs - To enable sheets linked with investment required and loan calculation, answer the questions within the "Other inputs box". Also, enter in the corporate tax rate applicabe for your country and the actuals "Years" you want to use the model for.
C17: Within each worksheet, enter in the cells that are "Gray" in color. These are cells which need your input. Additionally, you can change the elements of investment, cost or revenue as per your business requirements. However, avoid editing any cells with formulas or adding/deleting rows or columns as this could break the model.
O18: Happy Modelling! 🙂
C26: Revenue Streams | I26: Costs | O26: Other Inputs
C27: Choose the revenue streams that are applicable for | I27: Choose the costs that are applicable for | O27: Answer the following questions to enable additional functionality
C28: your business by choosing "Yes" in the dropdown menu: | I28: your business by choosing "Yes" in the dropdown menu: | P28: Do you want to calculate investment required for your startup? | V28: No
P29: Do you plan on taking a loan to fund your startup? | V29: No
D30: Product or Service Sales | E30: No | J30: Cost of Goods Sold | K30: No
D31: Subscription | E31: No | J31: R&D | K31: No | O31: Manually enter the following inputs
D32: Advertising | E32: No | J32: G&A | K32: No
D33: Licensing | E33: No | J33: Selling & Distribution | K33: No | P33: Corporate Tax Rate | V33: 0.25
D34: Sponsorship | E34: No | J34: Depreciation & Amortization | K34: No
D35: Freemium Model | E35: No | J35: Other Operating Expenses | K35: No | Q35: Year 1 | R35: Year 2 | S35: Year 3 | T35: Year 4 | U35: Year 5
D36: Commissions | E36: No | Q36: 2025 | R36: =IF(Q36="","",Q36+1) -> 2026 | S36: =IF(R36="","",R36+1) -> 2027 | T36: =IF(S36="","",S36+1) -> 2028 | U36: =IF(T36="","",T36+1) -> 2029
D37: Other Revenue | E37: No

Sheet 📊 Financial Dashboard
C1: Financial Dashboard
A5: HELP | D5: 2026 | F5: {=INDEX('💲Financial Statements '!$D$6:$I$40,1,MATCH('📊 Financial Dashboard'!$D$5,'💲Financial Statements '!$D$5:$I$5,0))} -> 0 | H5: {=INDEX('💲Financial Statements '!$D$6:$I$47,41,MATCH('📊 Financial Dashboard'!$D$5,'💲Financial Statements '!$D$5:$I$5,0))} -> 0 | J5: =IFERROR((F5-H5)/F5,"-") -> - | O5: =IFERROR(SUM('💲Financial Statements '!E45:I45)/'Investment Required'!G26-1,"-") -> - | Q5: {=IFERROR(IF('Investment Required'!G26>'💲Financial Statements '!I48,"5 Yrs+",IF('Investment Required'!G26<'💲Financial Statements '!E48,"<1 Yr",CONCAT(MATCH('Investment Required'!G26,'💲Financial Statements '!$E$48:$I$48,1)," Yrs ",ROUND(12*('Investment Required'!G26-INDEX('💲Financial Statements '!$E$48:$I$48,1,MATCH('Investment Required'!G26,'💲Financial Statements '!$E$48:$I$48,1)))/(INDEX('💲Financial Statements '!$E$48:$I$48,1,MATCH('Investment Required'!G26,'💲Financial Statements '!$E$48:$I$48,1)+1)-INDEX('💲Financial Statements '!$E$48:$I$48,1,MATCH('Investment Required'!G26,'💲Financial Statements '!$E$48:$I$48,1))),0)," Months"))),"-")} -> -
F27: =IF('Set Up Your Model'!$Q$36="","Year 1",'Set Up Your Model'!$Q$36) -> 2025 | G27: =IF('Set Up Your Model'!$R$36="","Year 2",'Set Up Your Model'!$R$36) -> 2026 | H27: =IF('Set Up Your Model'!$S$36="","Year 3",'Set Up Your Model'!$S$36) -> 2027 | I27: =IF('Set Up Your Model'!$T$36="","Year 4",'Set Up Your Model'!$T$36) -> 2028 | J27: =IF('Set Up Your Model'!$U$36="","Year 5",'Set Up Your Model'!$U$36) -> 2029 | O27: =IF('Set Up Your Model'!$Q$36="","Year 1",'Set Up Your Model'!$Q$36) -> 2025 | P27: =IF('Set Up Your Model'!$R$36="","Year 2",'Set Up Your Model'!$R$36) -> 2026 | Q27: =IF('Set Up Your Model'!$S$36="","Year 3",'Set Up Your Model'!$S$36) -> 2027 | R27: =IF('Set Up Your Model'!$T$36="","Year 4",'Set Up Your Model'!$T$36) -> 2028 | S27: =IF('Set Up Your Model'!$U$36="","Year 5",'Set Up Your Model'!$U$36) -> 2029
D28: Gross Revenue | F28: ='💲Financial Statements '!E6 -> 0 | G28: ='💲Financial Statements '!F6 -> 0 | H28: ='💲Financial Statements '!G6 -> 0 | I28: ='💲Financial Statements '!H6 -> 0 | J28: ='💲Financial Statements '!I6 -> 0 | N28: Investment | O28: ='Investment Required'!G26 -> 0
D29: Net Income | F29: ='💲Financial Statements '!E45 -> 0 | G29: ='💲Financial Statements '!F45 -> 0 | H29: ='💲Financial Statements '!G45 -> 0 | I29: ='💲Financial Statements '!H45 -> 0 | J29: ='💲Financial Statements '!I45 -> 0 | N29: Returns | O29: ='💲Financial Statements '!E48 -> 0 | P29: ='💲Financial Statements '!F48 -> 0 | Q29: ='💲Financial Statements '!G48 -> 0 | R29: ='💲Financial Statements '!H48 -> 0 | S29: ='💲Financial Statements '!I48 -> 0
D30: Net Income % | F30: =IFERROR(F29/F28,"-") -> - | G30: =IFERROR(G29/G28,"-") -> - | H30: =IFERROR(H29/H28,"-") -> - | I30: =IFERROR(I29/I28,"-") -> - | J30: =IFERROR(J29/J28,"-") -> - | N30: ROI% | O30: =IFERROR(O29/$O$28-1,"-") -> - | P30: =IFERROR(P29/$O$28-1,"-") -> - | Q30: =IFERROR(Q29/$O$28-1,"-") -> - | R30: =IFERROR(R29/$O$28-1,"-") -> - | S30: =IFERROR(S29/$O$28-1,"-") -> -
F47: =IF('Set Up Your Model'!$Q$36="","Year 1",'Set Up Your Model'!$Q$36) -> 2025 | G47: =IF('Set Up Your Model'!$R$36="","Year 2",'Set Up Your Model'!$R$36) -> 2026 | H47: =IF('Set Up Your Model'!$S$36="","Year 3",'Set Up Your Model'!$S$36) -> 2027 | I47: =IF('Set Up Your Model'!$T$36="","Year 4",'Set Up Your Model'!$T$36) -> 2028 | J47: =IF('Set Up Your Model'!$U$36="","Year 5",'Set Up Your Model'!$U$36) -> 2029
D48: Gross Revenue | F48: =F28 -> 0 | G48: =G28 -> 0 | H48: =H28 -> 0 | I48: =I28 -> 0 | J48: =J28 -> 0
D49: COGS % | F49: =IFERROR('💲Financial Statements '!E16/'📊 Financial Dashboard'!F$48,"-") -> - | G49: =IFERROR('💲Financial Statements '!F16/'📊 Financial Dashboard'!G$48,"-") -> - | H49: =IFERROR('💲Financial Statements '!G16/'📊 Financial Dashboard'!H$48,"-") -> - | I49: =IFERROR('💲Financial Statements '!H16/'📊 Financial Dashboard'!I$48,"-") -> - | J49: =IFERROR('💲Financial Statements '!I16/'📊 Financial Dashboard'!J$48,"-") -> - | O49: =IF('Set Up Your Model'!$Q$36="","Year 1",'Set Up Your Model'!$Q$36) -> 2025 | P49: =IF('Set Up Your Model'!$R$36="","Year 2",'Set Up Your Model'!$R$36) -> 2026 | Q49: =IF('Set Up Your Model'!$S$36="","Year 3",'Set Up Your Model'!$S$36) -> 2027 | R49: =IF('Set Up Your Model'!$T$36="","Year 4",'Set Up Your Model'!$T$36) -> 2028 | S49: =IF('Set Up Your Model'!$U$36="","Year 5",'Set Up Your Model'!$U$36) -> 2029
D50: OPEX % | F50: =IFERROR('💲Financial Statements '!E25/'📊 Financial Dashboard'!F$48,"-") -> - | G50: =IFERROR('💲Financial Statements '!F25/'📊 Financial Dashboard'!G$48,"-") -> - | H50: =IFERROR('💲Financial Statements '!G25/'📊 Financial Dashboard'!H$48,"-") -> - | I50: =IFERROR('💲Financial Statements '!H25/'📊 Financial Dashboard'!I$48,"-") -> - | J50: =IFERROR('💲Financial Statements '!I25/'📊 Financial Dashboard'!J$48,"-") -> - | N50: Opening Balance | O50: ='💲Financial Statements '!L17 -> 0 | P50: ='💲Financial Statements '!M17 -> 0 | Q50: ='💲Financial Statements '!N17 -> 0 | R50: ='💲Financial Statements '!O17 -> 0 | S50: ='💲Financial Statements '!P17 -> 0
D51: D&A % | F51: =IFERROR('💲Financial Statements '!E37/'📊 Financial Dashboard'!F$48,"-") -> - | G51: =IFERROR('💲Financial Statements '!F37/'📊 Financial Dashboard'!G$48,"-") -> - | H51: =IFERROR('💲Financial Statements '!G37/'📊 Financial Dashboard'!H$48,"-") -> - | I51: =IFERROR('💲Financial Statements '!H37/'📊 Financial Dashboard'!I$48,"-") -> - | J51: =IFERROR('💲Financial Statements '!I37/'📊 Financial Dashboard'!J$48,"-") -> - | N51: Net Change in Cash | O51: ='💲Financial Statements '!L16 -> 0 | P51: ='💲Financial Statements '!M16 -> 0 | Q51: ='💲Financial Statements '!N16 -> 0 | R51: ='💲Financial Statements '!O16 -> 0 | S51: ='💲Financial Statements '!P16 -> 0
D52: Interest % | F52: =IFERROR('💲Financial Statements '!E42/'📊 Financial Dashboard'!F$48,"-") -> - | G52: =IFERROR('💲Financial Statements '!F42/'📊 Financial Dashboard'!G$48,"-") -> - | H52: =IFERROR('💲Financial Statements '!G42/'📊 Financial Dashboard'!H$48,"-") -> - | I52: =IFERROR('💲Financial Statements '!H42/'📊 Financial Dashboard'!I$48,"-") -> - | J52: =IFERROR('💲Financial Statements '!I42/'📊 Financial Dashboard'!J$48,"-") -> - | N52: Closing Balance | O52: =SUM(O50:O51) -> 0 | P52: =SUM(P50:P51) -> 0 | Q52: =SUM(Q50:Q51) -> 0 | R52: =SUM(R50:R51) -> 0 | S52: =SUM(S50:S51) -> 0
D53: Tax % | F53: =IFERROR('💲Financial Statements '!E44/'📊 Financial Dashboard'!F$48,"-") -> - | G53: =IFERROR('💲Financial Statements '!F44/'📊 Financial Dashboard'!G$48,"-") -> - | H53: =IFERROR('💲Financial Statements '!G44/'📊 Financial Dashboard'!H$48,"-") -> - | I53: =IFERROR('💲Financial Statements '!H44/'📊 Financial Dashboard'!I$48,"-") -> - | J53: =IFERROR('💲Financial Statements '!I44/'📊 Financial Dashboard'!J$48,"-") -> -
D54: Net Income % | F54: =IFERROR(1-F49-F50-F51-F52-F53,"-") -> - | G54: =IFERROR(1-G49-G50-G51-G52-G53,"-") -> - | H54: =IFERROR(1-H49-H50-H51-H52-H53,"-") -> - | I54: =IFERROR(1-I49-I50-I51-I52-I53,"-") -> - | J54: =IFERROR(1-J49-J50-J51-J52-J53,"-") -> -
N57: =O50 -> 0 | O57: =O51 -> 0 | P57: =O52 -> 0 | Q57: =P51 -> 0 | R57: =P52 -> 0 | S57: =Q51 -> 0 | T57: =Q52 -> 0 | U57: =R51 -> 0 | V57: =R52 -> 0 | W57: =S51 -> 0 | X57: =S52 -> 0

Sheet 💲Financial Statements    
D1: Financial Statements
D3: Income Statement | H3: Tax Rate | I3: ='Set Up Your Model'!V33 -> 0.25 | K3: Cash Flow Statement
A5: HELP | E5: =IF('Set Up Your Model'!$Q$36="","Year 1",'Set Up Your Model'!$Q$36) -> 2025 | F5: =IF('Set Up Your Model'!$R$36="","Year 2",'Set Up Your Model'!$R$36) -> 2026 | G5: =IF('Set Up Your Model'!$S$36="","Year 3",'Set Up Your Model'!$S$36) -> 2027 | H5: =IF('Set Up Your Model'!$T$36="","Year 4",'Set Up Your Model'!$T$36) -> 2028 | I5: =IF('Set Up Your Model'!$U$36="","Year 5",'Set Up Your Model'!$U$36) -> 2029 | L5: =IF('Set Up Your Model'!$Q$36="","Year 1",'Set Up Your Model'!$Q$36) -> 2025 | M5: =IF('Set Up Your Model'!$R$36="","Year 2",'Set Up Your Model'!$R$36) -> 2026 | N5: =IF('Set Up Your Model'!$S$36="","Year 3",'Set Up Your Model'!$S$36) -> 2027 | O5: =IF('Set Up Your Model'!$T$36="","Year 4",'Set Up Your Model'!$T$36) -> 2028 | P5: =IF('Set Up Your Model'!$U$36="","Year 5",'Set Up Your Model'!$U$36) -> 2029
A6: 8 | D6: Gross Revenue | F6: =SUM(F7:F14) -> 0 | G6: =SUM(G7:G14) -> 0 | H6: =SUM(H7:H14) -> 0 | I6: =SUM(I7:I14) -> 0 | K6: Cash Flow from Investments | L6: =SUM(L7:L8) -> 0 | M6: =SUM(M7:M8) -> 0 | N6: =SUM(N7:N8) -> 0 | O6: =SUM(O7:O8) -> 0 | P6: =SUM(P7:P8) -> 0
D7: Product or Service Sales | F7: ='Product or Service Sales'!E28 -> 0 | G7: ='Product or Service Sales'!F28 -> 0 | H7: ='Product or Service Sales'!G28 -> 0 | I7: ='Product or Service Sales'!H28 -> 0 | K7: Assets | L7: =-'Investment Required'!M22 -> 0 | M7: 0 | N7: 0 | O7: 0 | P7: 0
D8: Subscription | E8: =Subscription!D28 -> 0 | F8: =Subscription!E28 -> 0 | G8: =Subscription!F28 -> 0 | H8: =Subscription!G28 -> 0 | I8: =Subscription!H28 -> 0 | K8: Startup Costs | L8: =-'Investment Required'!P22 -> 0 | M8: 0 | N8: 0 | O8: 0 | P8: 0
D9: Advertising | E9: =Advertising!D28 -> 0 | F9: =Advertising!E28 -> 0 | G9: =Advertising!F28 -> 0 | H9: =Advertising!G28 -> 0 | I9: =Advertising!H28 -> 0
D10: Licensing | E10: =Licensing!D27 -> 0 | F10: =Licensing!E27 -> 0 | G10: =Licensing!F27 -> 0 | H10: =Licensing!G27 -> 0 | I10: =Licensing!H27 -> 0 | K10: Cash Flow from Operations | L10: =SUM(L11:L14) -> 0 | M10: =SUM(M11:M14) -> 0 | N10: =SUM(N11:N14) -> 0 | O10: =SUM(O11:O14) -> 0 | P10: =SUM(P11:P14) -> 0
D11: Sponsorship | E11: =Sponsorship!D23 -> 0 | F11: =Sponsorship!E23 -> 0 | G11: =Sponsorship!F23 -> 0 | H11: =Sponsorship!G23 -> 0 | I11: =Sponsorship!H23 -> 0 | K11: Net Income | L11: ='💲Financial Statements '!E45 -> 0 | M11: ='💲Financial Statements '!F45 -> 0 | N11: ='💲Financial Statements '!G45 -> 0 | O11: ='💲Financial Statements '!H45 -> 0 | P11: ='💲Financial Statements '!I45 -> 0
D12: Freemium Model | E12: ='Freemium Model'!D24 -> 0 | F12: ='Freemium Model'!E24 -> 0 | G12: ='Freemium Model'!F24 -> 0 | H12: ='Freemium Model'!G24 -> 0 | I12: ='Freemium Model'!H24 -> 0 | K12: Depreciation | L12: =E38 -> 0 | M12: =F38 -> 0 | N12: =G38 -> 0 | O12: =H38 -> 0 | P12: =I38 -> 0
D13: Commissions | E13: =Commissions!D22 -> 0 | F13: =Commissions!E22 -> 0 | G13: =Commissions!F22 -> 0 | H13: =Commissions!G22 -> 0 | I13: =Commissions!H22 -> 0 | K13: Amortization | L13: =E39 -> 0 | M13: =F39 -> 0 | N13: =G39 -> 0 | O13: =H39 -> 0 | P13: =I39 -> 0
D14: Other Revenue | E14: ='Other Revenue'!D24 -> 0 | F14: ='Other Revenue'!E24 -> 0 | G14: ='Other Revenue'!F24 -> 0 | H14: ='Other Revenue'!G24 -> 0 | I14: ='Other Revenue'!H24 -> 0 | K14: Loan Payments | L14: =-'Investment Required'!E32 -> 0 | M14: =-'Investment Required'!F32 -> 0 | N14: =-'Investment Required'!G32 -> 0 | O14: =-'Investment Required'!H32 -> 0 | P14: =-'Investment Required'!I32 -> 0
D16: Cost of Goods Sold | E16: =SUM(E17:E20) -> 0 | F16: =SUM(F17:F20) -> 0 | G16: =SUM(G17:G20) -> 0 | H16: =SUM(H17:H20) -> 0 | I16: =SUM(I17:I20) -> 0 | K16: Net Change in Cash | L16: =L6+L10 -> 0 | M16: =M6+M10 -> 0 | N16: =N6+N10 -> 0 | O16: =O6+O10 -> 0 | P16: =P6+P10 -> 0
D17: Direct Materials | E17: ='Cost of Goods Sold'!D31 -> 0 | F17: ='Cost of Goods Sold'!E31 -> 0 | G17: ='Cost of Goods Sold'!F31 -> 0 | H17: ='Cost of Goods Sold'!G31 -> 0 | I17: ='Cost of Goods Sold'!H31 -> 0 | K17: Opening Balance | L17: ='Investment Required'!G26 -> 0 | M17: =L18 -> 0 | N17: =M18 -> 0 | O17: =N18 -> 0 | P17: =O18 -> 0
D18: Direct Labor | E18: ='Cost of Goods Sold'!D32 -> 0 | F18: ='Cost of Goods Sold'!E32 -> 0 | G18: ='Cost of Goods Sold'!F32 -> 0 | H18: ='Cost of Goods Sold'!G32 -> 0 | I18: ='Cost of Goods Sold'!H32 -> 0 | K18: Closing Balance | L18: =L17+L16 -> 0 | M18: =M17+M16 -> 0 | N18: =N17+N16 -> 0 | O18: =O17+O16 -> 0 | P18: =P17+P16 -> 0
D19: Overheads | E19: ='Cost of Goods Sold'!D33 -> 0 | F19: ='Cost of Goods Sold'!E33 -> 0 | G19: ='Cost of Goods Sold'!F33 -> 0 | H19: ='Cost of Goods Sold'!G33 -> 0 | I19: ='Cost of Goods Sold'!H33 -> 0
D20: Contract Manufacturer Fees | E20: ='Cost of Goods Sold'!D34 -> 0 | F20: ='Cost of Goods Sold'!E34 -> 0 | G20: ='Cost of Goods Sold'!F34 -> 0 | H20: ='Cost of Goods Sold'!G34 -> 0 | I20: ='Cost of Goods Sold'!H34 -> 0
D22: Gross Margin | E22: =E6-E16 -> 0 | F22: =F6-F16 -> 0 | G22: =G6-G16 -> 0 | H22: =H6-H16 -> 0 | I22: =I6-I16 -> 0
D23: Gross Margin % as of Revenue | E23: =IFERROR(E22/E6,"--") -> -- | F23: =IFERROR(F22/F6,"--") -> -- | G23: =IFERROR(G22/G6,"--") -> -- | H23: =IFERROR(H22/H6,"--") -> -- | I23: =IFERROR(I22/I6,"--") -> --
D25: Operating Expenses | E25: =SUM(E26:E30) -> 0 | F25: =SUM(F26:F30) -> 0 | G25: =SUM(G26:G30) -> 0 | H25: =SUM(H26:H30) -> 0 | I25: =SUM(I26:I30) -> 0
D26: Startup Costs | E26: ='Investment Required'!P22 -> 0 | F26: 0 | G26: 0 | H26: 0 | I26: 0
D27: R&D | E27: ='R&D'!D27 -> 0 | F27: ='R&D'!E27 -> 0 | G27: ='R&D'!F27 -> 0 | H27: ='R&D'!G27 -> 0 | I27: ='R&D'!H27 -> 0
D28: General & Administrative | E28: ='G&A'!D28 -> 0 | F28: ='G&A'!E28 -> 0 | G28: ='G&A'!F28 -> 0 | H28: ='G&A'!G28 -> 0 | I28: ='G&A'!H28 -> 0
D29: Selling & Distribution | E29: ='Selling & Distribution'!D26 -> 0 | F29: ='Selling & Distribution'!E26 -> 0 | G29: ='Selling & Distribution'!F26 -> 0 | H29: ='Selling & Distribution'!G26 -> 0 | I29: ='Selling & Distribution'!H26 -> 0
D30: Other Operating Expenses | E30: ='Other OPEX'!D25 -> 0 | F30: ='Other OPEX'!E25 -> 0 | G30: ='Other OPEX'!F25 -> 0 | H30: ='Other OPEX'!G25 -> 0 | I30: ='Other OPEX'!H25 -> 0
D32: OPEX% as of Revenue | E32: =IFERROR(E25/E6,"--") -> -- | F32: =IFERROR(F25/F6,"--") -> -- | G32: =IFERROR(G25/G6,"--") -> -- | H32: =IFERROR(H25/H6,"--") -> -- | I32: =IFERROR(I25/I6,"--") -> --
D34: EBITDA | E34: =E22-E25 -> 0 | F34: =F22-F25 -> 0 | G34: =G22-G25 -> 0 | H34: =H22-H25 -> 0 | I34: =I22-I25 -> 0
D35: EBITDA % of Revenue | E35: =IFERROR(E34/E6,"--") -> -- | F35: =IFERROR(F34/F6,"--") -> -- | G35: =IFERROR(G34/G6,"--") -> -- | H35: =IFERROR(H34/H6,"--") -> -- | I35: =IFERROR(I34/I6,"--") -> --
D37: D&A | E37: =SUM(E38:E39) -> 0 | F37: =SUM(F38:F39) -> 0 | G37: =SUM(G38:G39) -> 0 | H37: =SUM(H38:H39) -> 0 | I37: =SUM(I38:I39) -> 0
D38: Depreciation Charges | E38: ='D&A'!I21 -> 0 | F38: ='D&A'!J21 -> 0 | G38: ='D&A'!K21 -> 0 | H38: ='D&A'!L21 -> 0 | I38: ='D&A'!M21 -> 0
D39: Amortization Charges | E39: ='D&A'!I41 -> 0 | F39: ='D&A'!J41 -> 0 | G39: ='D&A'!K41 -> 0 | H39: ='D&A'!L41 -> 0 | I39: ='D&A'!M41 -> 0
D41: EBIT | E41: =E34-E37 -> 0 | F41: =F34-F37 -> 0 | G41: =G34-G37 -> 0 | H41: =H34-H37 -> 0 | I41: =I34-I37 -> 0
D42: Interest Expenses | E42: ='Investment Required'!E31 -> 0 | F42: ='Investment Required'!F31 -> 0 | G42: ='Investment Required'!G31 -> 0 | H42: ='Investment Required'!H31 -> 0 | I42: ='Investment Required'!I31 -> 0
D43: EBT | E43: =E41-E42 -> 0 | F43: =F41-F42 -> 0 | G43: =G41-G42 -> 0 | H43: =H41-H42 -> 0 | I43: =I41-I42 -> 0
D44: Tax | E44: =IF(E41<0,0,$I$3*E43) -> 0 | F44: =IF(F41<0,0,$I$3*F43) -> 0 | G44: =IF(G41<0,0,$I$3*G43) -> 0 | H44: =IF(H41<0,0,$I$3*H43) -> 0 | I44: =IF(I41<0,0,$I$3*I43) -> 0
D45: Net Income | E45: =E43-E44 -> 0 | F45: =F43-F44 -> 0 | G45: =G43-G44 -> 0 | H45: =H43-H44 -> 0 | I45: =I43-I44 -> 0
D46: Total Costs | E46: =E6-E45 -> 0 | F46: =F6-F45 -> 0 | G46: =G6-G45 -> 0 | H46: =H6-H45 -> 0 | I46: =I6-I45 -> 0
D48: Cumulative Net Income | E48: =E45 -> 0 | F48: =E48+F45 -> 0 | G48: =F48+G45 -> 0 | H48: =G48+H45 -> 0 | I48: =H48+I45 -> 0

Sheet Investment Required
C1: Investments Required
C3: Select the elements for which you will need investment?
K4: Initial Capital Expenditure | M4: =M22 -> 0 | O4: Start-Up Costs | P4: =P22 -> 0 | R4: Operating Costs Buffer | S4: =S14 -> 0
A5: HELP | D5: Initial Capital Expenditure | F5: Yes
D6: Start-Up Costs | F6: Yes | K6: Assets | L6: Asset Type | M6: Cost | O6: Elements | P6: Cost | R6: Operating Runway (In Months)
D7: Operating Costs Buffer | F7: Yes | K7: Initial Inventory | L7: Tangible | O7: Legal Fees
K8: Equipment & Machinery | L8: Tangible | O8: Incorporation Fees | R8: Cost Types | S8: Cost
K9: Furniture & Fixtures | L9: Tangible | O9: Permit & Licenses | R9: Cost of Goods Sold | S9: ='Cost of Goods Sold'!D35*'Investment Required'!$S$6/12 -> 0
D10: Total Investment Required | G10: =M22+P22+S14 -> 0 | K10: Real Estate | L10: Tangible | O10: Professional Fees | R10: R&D | S10: ='R&D'!D27*'Investment Required'!$S$6/12 -> 0
K11: Vehicles | L11: Tangible | O11: Enter any other here or below.. | R11: G&A | S11: ='G&A'!D28*'Investment Required'!$S$6/12 -> 0
E12: Initial Investment | G12: =M22+P22 -> 0 | K12: Patents | L12: Intangible | R12: Selling & Distribution | S12: ='Selling & Distribution'!D26*'Investment Required'!$S$6/12 -> 0
E13: Operating Buffer | G13: =S14 -> 0 | K13: Copyrights | L13: Intangible | R13: Other Operating Expenses | S13: ='Other OPEX'!D25*'Investment Required'!$S$6/12 -> 0
K14: Trademarks | L14: Intangible | R14: TOTAL | S14: =SUM(S9:S13) -> 0
K15: R&D Facilities | L15: Tangible | R15: (This will be calculated as per the other costs
D16: Investment Sources | K16: Enter any other here or below.. | R16: inputted by the user)
D17: Source Type | E17: Source Name | F17: Interest Rate | G17: Amount | H17: %
H18: =IF(G18=0,"",G18/$G$26)
H19: =IF(G19=0,"",G19/$G$26)
H20: =IF(G20=0,"",G20/$G$26)
H21: =IF(G21=0,"",G21/$G$26)
H22: =IF(G22=0,"",G22/$G$26) | K22: TOTAL | M22: =SUM(M7:M21) -> 0 | O22: TOTAL | P22: =SUM(P7:P21) -> 0
H23: =IF(G23=0,"",G23/$G$26)
H24: =IF(G24=0,"",G24/$G$26)
H25: =IF(G25=0,"",G25/$G$26)
D26: TOTAL | G26: =SUM(G18:G25) -> 0 | I26: =IF(G26>=G10,"You have acquired the right amount of investment for your business! ✅","You have not acquired the right amount of investment for your business yet! ❌") -> You have acquired the right amount of investment for your business! ✅
D29: Loan-Related Calculations
E30: =IF('Set Up Your Model'!$Q$36="","Year 1",'Set Up Your Model'!$Q$36) -> 2025 | F30: =IF('Set Up Your Model'!$R$36="","Year 2",'Set Up Your Model'!$R$36) -> 2026 | G30: =IF('Set Up Your Model'!$S$36="","Year 3",'Set Up Your Model'!$S$36) -> 2027 | H30: =IF('Set Up Your Model'!$T$36="","Year 4",'Set Up Your Model'!$T$36) -> 2028 | I30: =IF('Set Up Your Model'!$U$36="","Year 5",'Set Up Your Model'!$U$36) -> 2029
D31: Interest | E31: =SUMIFS('Loan Payment Schedule'!$G:$G,'Loan Payment Schedule'!$E:$E,1)+SUMIFS('Loan Payment Schedule'!$O:$O,'Loan Payment Schedule'!$M:$M,1)+SUMIFS('Loan Payment Schedule'!$U:$U,'Loan Payment Schedule'!$S:$S,1)+SUMIFS('Loan Payment Schedule'!$AB:$AB,'Loan Payment Schedule'!$Z:$Z,1)+SUMIFS('Loan Payment Schedule'!$AI:$AI,'Loan Payment Schedule'!$AG:$AG,1) -> 0 | F31: =SUMIFS('Loan Payment Schedule'!$G:$G,'Loan Payment Schedule'!$E:$E,2)+SUMIFS('Loan Payment Schedule'!$O:$O,'Loan Payment Schedule'!$M:$M,2)+SUMIFS('Loan Payment Schedule'!$U:$U,'Loan Payment Schedule'!$S:$S,2)+SUMIFS('Loan Payment Schedule'!$AB:$AB,'Loan Payment Schedule'!$Z:$Z,2)+SUMIFS('Loan Payment Schedule'!$AI:$AI,'Loan Payment Schedule'!$AG:$AG,2) -> 0 | G31: =SUMIFS('Loan Payment Schedule'!$G:$G,'Loan Payment Schedule'!$E:$E,3)+SUMIFS('Loan Payment Schedule'!$O:$O,'Loan Payment Schedule'!$M:$M,3)+SUMIFS('Loan Payment Schedule'!$U:$U,'Loan Payment Schedule'!$S:$S,3)+SUMIFS('Loan Payment Schedule'!$AB:$AB,'Loan Payment Schedule'!$Z:$Z,3)+SUMIFS('Loan Payment Schedule'!$AI:$AI,'Loan Payment Schedule'!$AG:$AG,3) -> 0 | H31: =SUMIFS('Loan Payment Schedule'!$G:$G,'Loan Payment Schedule'!$E:$E,4)+SUMIFS('Loan Payment Schedule'!$O:$O,'Loan Payment Schedule'!$M:$M,4)+SUMIFS('Loan Payment Schedule'!$U:$U,'Loan Payment Schedule'!$S:$S,4)+SUMIFS('Loan Payment Schedule'!$AB:$AB,'Loan Payment Schedule'!$Z:$Z,4)+SUMIFS('Loan Payment Schedule'!$AI:$AI,'Loan Payment Schedule'!$AG:$AG,4) -> 0 | I31: =SUMIFS('Loan Payment Schedule'!$G:$G,'Loan Payment Schedule'!$E:$E,5)+SUMIFS('Loan Payment Schedule'!$O:$O,'Loan Payment Schedule'!$M:$M,5)+SUMIFS('Loan Payment Schedule'!$U:$U,'Loan Payment Schedule'!$S:$S,5)+SUMIFS('Loan Payment Schedule'!$AB:$AB,'Loan Payment Schedule'!$Z:$Z,5)+SUMIFS('Loan Payment Schedule'!$AI:$AI,'Loan Payment Schedule'!$AG:$AG,5) -> 0
D32: Payment | E32: =SUMIFS('Loan Payment Schedule'!$H:$H,'Loan Payment Schedule'!$E:$E,1)+SUMIFS('Loan Payment Schedule'!$P:$P,'Loan Payment Schedule'!$M:$M,1)+SUMIFS('Loan Payment Schedule'!$V:$V,'Loan Payment Schedule'!$S:$S,1)+SUMIFS('Loan Payment Schedule'!$AC:$AC,'Loan Payment Schedule'!$Z:$Z,1)+SUMIFS('Loan Payment Schedule'!$AJ:$AJ,'Loan Payment Schedule'!$AG:$AG,1) -> 0 | F32: =SUMIFS('Loan Payment Schedule'!$H:$H,'Loan Payment Schedule'!$E:$E,2)+SUMIFS('Loan Payment Schedule'!$P:$P,'Loan Payment Schedule'!$M:$M,2)+SUMIFS('Loan Payment Schedule'!$V:$V,'Loan Payment Schedule'!$S:$S,2)+SUMIFS('Loan Payment Schedule'!$AC:$AC,'Loan Payment Schedule'!$Z:$Z,2)+SUMIFS('Loan Payment Schedule'!$AJ:$AJ,'Loan Payment Schedule'!$AG:$AG,2) -> 0 | G32: =SUMIFS('Loan Payment Schedule'!$H:$H,'Loan Payment Schedule'!$E:$E,3)+SUMIFS('Loan Payment Schedule'!$P:$P,'Loan Payment Schedule'!$M:$M,3)+SUMIFS('Loan Payment Schedule'!$V:$V,'Loan Payment Schedule'!$S:$S,3)+SUMIFS('Loan Payment Schedule'!$AC:$AC,'Loan Payment Schedule'!$Z:$Z,3)+SUMIFS('Loan Payment Schedule'!$AJ:$AJ,'Loan Payment Schedule'!$AG:$AG,3) -> 0 | H32: =SUMIFS('Loan Payment Schedule'!$H:$H,'Loan Payment Schedule'!$E:$E,4)+SUMIFS('Loan Payment Schedule'!$P:$P,'Loan Payment Schedule'!$M:$M,4)+SUMIFS('Loan Payment Schedule'!$V:$V,'Loan Payment Schedule'!$S:$S,4)+SUMIFS('Loan Payment Schedule'!$AC:$AC,'Loan Payment Schedule'!$Z:$Z,4)+SUMIFS('Loan Payment Schedule'!$AJ:$AJ,'Loan Payment Schedule'!$AG:$AG,4) -> 0 | I32: =SUMIFS('Loan Payment Schedule'!$H:$H,'Loan Payment Schedule'!$E:$E,5)+SUMIFS('Loan Payment Schedule'!$P:$P,'Loan Payment Schedule'!$M:$M,5)+SUMIFS('Loan Payment Schedule'!$V:$V,'Loan Payment Schedule'!$S:$S,5)+SUMIFS('Loan Payment Schedule'!$AC:$AC,'Loan Payment Schedule'!$Z:$Z,5)+SUMIFS('Loan Payment Schedule'!$AJ:$AJ,'Loan Payment Schedule'!$AG:$AG,5) -> 0

Sheet Loan Payment Schedule
D1: Loan Payment Schedule
C3: Enter the details of your loans to create payment schedule
E4: Loan 1 | L4: Loan 2 | S4: Loan 3 | Z4: Loan 4 | AG4: Loan 5
A5: HELP | E5: Loan Amount | L5: Loan Amount | S5: Loan Amount | Z5: Loan Amount | AG5: Loan Amount
E6: Interest Rate | L6: Interest Rate | S6: Interest Rate | Z6: Interest Rate | AG6: Interest Rate
E7: Tenure (in years) | L7: Tenure (in years) | S7: Tenure (in years) | Z7: Tenure (in years) | AG7: Tenure (in years)
E8: Tenure (in months) | F8: =F7*12 -> 0 | L8: Tenure (in months) | M8: =M7*12 -> 0 | S8: Tenure (in months) | T8: =T7*12 -> 0 | Z8: Tenure (in months) | AA8: =AA7*12 -> 0 | AG8: Tenure (in months) | AH8: =AH7*12 -> 0
E9: EMI | F9: =IFERROR(-PMT(F6/12,F8,F5),0) -> 0 | L9: EMI | M9: =IFERROR(-PMT(M6/12,M8,M5),0) -> 0 | S9: EMI | T9: =IFERROR(-PMT(T6/12,T8,T5),0) -> 0 | Z9: EMI | AA9: =IFERROR(-PMT(AA6/12,AA8,AA5),0) -> 0 | AG9: EMI | AH9: =IFERROR(-PMT(AH6/12,AH8,AH5),0) -> 0
D14: Repayment Schedule
D15: # | E15: Year | F15: Principal | G15: Interest | H15: Payment | I15: Balance | K15: # | L15: Year | M15: Principal | N15: Interest | O15: Payment | P15: Balance | R15: # | S15: Year | T15: Principal | U15: Interest | V15: Payment | W15: Balance | Y15: # | Z15: Year | AA15: Principal | AB15: Interest | AC15: Payment | AD15: Balance | AF15: # | AG15: Year | AH15: Principal | AI15: Interest | AJ15: Payment | AK15: Balance

Sheet Product or Service Sales
C1: Product or Service Sales
C3: Choose # of products or services in your business (Max 10) | H3: 10
A5: HELP | C5: Product/Service 1 | J5: Product/Service 2 | Q5: Product/Service 3 | X5: Product/Service 4 | AE5: Product/Service 5 | AL5: Product/Service 6 | AS5: Product/Service 7 | AZ5: Product/Service 8 | BG5: Product/Service 9 | BN5: Product/Service 10
C7: Name | J7: Name | Q7: Name | X7: Name | AE7: Name | AL7: Name | AS7: Name | AZ7: Name | BG7: Name | BN7: Name
C9: Total Number of Target Customers | J9: Total Number of Target Customers | Q9: Total Number of Target Customers | X9: Total Number of Target Customers | AE9: Total Number of Target Customers | AL9: Total Number of Target Customers | AS9: Total Number of Target Customers | AZ9: Total Number of Target Customers | BG9: Total Number of Target Customers | BN9: Total Number of Target Customers
C10: Market Growth % | J10: Market Growth % | Q10: Market Growth % | X10: Market Growth % | AE10: Market Growth % | AL10: Market Growth % | AS10: Market Growth % | AZ10: Market Growth % | BG10: Market Growth % | BN10: Market Growth %
C11: % Customers Captured in Year 1 | J11: % Customers Captured in Year 1 | Q11: % Customers Captured in Year 1 | X11: % Customers Captured in Year 1 | AE11: % Customers Captured in Year 1 | AL11: % Customers Captured in Year 1 | AS11: % Customers Captured in Year 1 | AZ11: % Customers Captured in Year 1 | BG11: % Customers Captured in Year 1 | BN11: % Customers Captured in Year 1
C12: Projected Revenue Growth for your company % | J12: Projected Revenue Growth for your company % | Q12: Projected Revenue Growth for your company % | X12: Projected Revenue Growth for your company % | AE12: Projected Revenue Growth for your company % | AL12: Projected Revenue Growth for your company % | AS12: Projected Revenue Growth for your company % | AZ12: Projected Revenue Growth for your company % | BG12: Projected Revenue Growth for your company % | BN12: Projected Revenue Growth for your company %
C13: Avg. Product / Service Price in Market | J13: Avg. Product / Service Price in Market | Q13: Avg. Product / Service Price in Market | X13: Avg. Product / Service Price in Market | AE13: Avg. Product / Service Price in Market | AL13: Avg. Product / Service Price in Market | AS13: Avg. Product / Service Price in Market | AZ13: Avg. Product / Service Price in Market | BG13: Avg. Product / Service Price in Market | BN13: Avg. Product / Service Price in Market
C14: # of Product / Service per Customer for Market | J14: # of Product / Service per Customer for Market | Q14: # of Product / Service per Customer for Market | X14: # of Product / Service per Customer for Market | AE14: # of Product / Service per Customer for Market | AL14: # of Product / Service per Customer for Market | AS14: # of Product / Service per Customer for Market | AZ14: # of Product / Service per Customer for Market | BG14: # of Product / Service per Customer for Market | BN14: # of Product / Service per Customer for Market
C15: Avg. Product / Service Price for your Company | J15: Avg. Product / Service Price for your Company | Q15: Avg. Product / Service Price for your Company | X15: Avg. Product / Service Price for your Company | AE15: Avg. Product / Service Price for your Company | AL15: Avg. Product / Service Price for your Company | AS15: Avg. Product / Service Price for your Company | AZ15: Avg. Product / Service Price for your Company | BG15: Avg. Product / Service Price for your Company | BN15: Avg. Product / Service Price for your Company
C16: # of Product / Service per Customer for your Company | J16: # of Product / Service per Customer for your Company | Q16: # of Product / Service per Customer for your Company | X16: # of Product / Service per Customer for your Company | AE16: # of Product / Service per Customer for your Company | AL16: # of Product / Service per Customer for your Company | AS16: # of Product / Service per Customer for your Company | AZ16: # of Product / Service per Customer for your Company | BG16: # of Product / Service per Customer for your Company | BN16: # of Product / Service per Customer for your Company
D18: =IF('Set Up Your Model'!$Q$36="","Year 1",'Set Up Your Model'!$Q$36) -> 2025 | E18: =IF('Set Up Your Model'!$R$36="","Year 2",'Set Up Your Model'!$R$36) -> 2026 | F18: =IF('Set Up Your Model'!$S$36="","Year 3",'Set Up Your Model'!$S$36) -> 2027 | G18: =IF('Set Up Your Model'!$T$36="","Year 4",'Set Up Your Model'!$T$36) -> 2028 | H18: =IF('Set Up Your Model'!$U$36="","Year 5",'Set Up Your Model'!$U$36) -> 2029 | K18: =IF('Set Up Your Model'!$Q$36="","Year 1",'Set Up Your Model'!$Q$36) -> 2025 | L18: =IF('Set Up Your Model'!$R$36="","Year 2",'Set Up Your Model'!$R$36) -> 2026 | M18: =IF('Set Up Your Model'!$S$36="","Year 3",'Set Up Your Model'!$S$36) -> 2027 | N18: =IF('Set Up Your Model'!$T$36="","Year 4",'Set Up Your Model'!$T$36) -> 2028 | O18: =IF('Set Up Your Model'!$U$36="","Year 5",'Set Up Your Model'!$U$36) -> 2029 | R18: =IF('Set Up Your Model'!$Q$36="","Year 1",'Set Up Your Model'!$Q$36) -> 2025 | S18: =IF('Set Up Your Model'!$R$36="","Year 2",'Set Up Your Model'!$R$36) -> 2026 | T18: =IF('Set Up Your Model'!$S$36="","Year 3",'Set Up Your Model'!$S$36) -> 2027 | U18: =IF('Set Up Your Model'!$T$36="","Year 4",'Set Up Your Model'!$T$36) -> 2028 | V18: =IF('Set Up Your Model'!$U$36="","Year 5",'Set Up Your Model'!$U$36) -> 2029 | Y18: =IF('Set Up Your Model'!$Q$36="","Year 1",'Set Up Your Model'!$Q$36) -> 2025 | Z18: =IF('Set Up Your Model'!$R$36="","Year 2",'Set Up Your Model'!$R$36) -> 2026 | AA18: =IF('Set Up Your Model'!$S$36="","Year 3",'Set Up Your Model'!$S$36) -> 2027 | AB18: =IF('Set Up Your Model'!$T$36="","Year 4",'Set Up Your Model'!$T$36) -> 2028 | AC18: =IF('Set Up Your Model'!$U$36="","Year 5",'Set Up Your Model'!$U$36) -> 2029 | AF18: =IF('Set Up Your Model'!$Q$36="","Year 1",'Set Up Your Model'!$Q$36) -> 2025 | AG18: =IF('Set Up Your Model'!$R$36="","Year 2",'Set Up Your Model'!$R$36) -> 2026 | AH18: =IF('Set Up Your Model'!$S$36="","Year 3",'Set Up Your Model'!$S$36) -> 2027 | AI18: =IF('Set Up Your Model'!$T$36="","Year 4",'Set Up Your Model'!$T$36) -> 2028 | AJ18: =IF('Set Up Your Model'!$U$36="","Year 5",'Set Up Your Model'!$U$36) -> 2029 | AM18: =IF('Set Up Your Model'!$Q$36="","Year 1",'Set Up Your Model'!$Q$36) -> 2025 | AN18: =IF('Set Up Your Model'!$R$36="","Year 2",'Set Up Your Model'!$R$36) -> 2026 | AO18: =IF('Set Up Your Model'!$S$36="","Year 3",'Set Up Your Model'!$S$36) -> 2027 | AP18: =IF('Set Up Your Model'!$T$36="","Year 4",'Set Up Your Model'!$T$36) -> 2028 | AQ18: =IF('Set Up Your Model'!$U$36="","Year 5",'Set Up Your Model'!$U$36) -> 2029 | AT18: =IF('Set Up Your Model'!$Q$36="","Year 1",'Set Up Your Model'!$Q$36) -> 2025 | AU18: =IF('Set Up Your Model'!$R$36="","Year 2",'Set Up Your Model'!$R$36) -> 2026 | AV18: =IF('Set Up Your Model'!$S$36="","Year 3",'Set Up Your Model'!$S$36) -> 2027 | AW18: =IF('Set Up Your Model'!$T$36="","Year 4",'Set Up Your Model'!$T$36) -> 2028 | AX18: =IF('Set Up Your Model'!$U$36="","Year 5",'Set Up Your Model'!$U$36) -> 2029 | BA18: =IF('Set Up Your Model'!$Q$36="","Year 1",'Set Up Your Model'!$Q$36) -> 2025 | BB18: =IF('Set Up Your Model'!$R$36="","Year 2",'Set Up Your Model'!$R$36) -> 2026 | BC18: =IF('Set Up Your Model'!$S$36="","Year 3",'Set Up Your Model'!$S$36) -> 2027 | BD18: =IF('Set Up Your Model'!$T$36="","Year 4",'Set Up Your Model'!$T$36) -> 2028 | BE18: =IF('Set Up Your Model'!$U$36="","Year 5",'Set Up Your Model'!$U$36) -> 2029 | BH18: =IF('Set Up Your Model'!$Q$36="","Year 1",'Set Up Your Model'!$Q$36) -> 2025 | BI18: =IF('Set Up Your Model'!$R$36="","Year 2",'Set Up Your Model'!$R$36) -> 2026 | BJ18: =IF('Set Up Your Model'!$S$36="","Year 3",'Set Up Your Model'!$S$36) -> 2027 | BK18: =IF('Set Up Your Model'!$T$36="","Year 4",'Set Up Your Model'!$T$36) -> 2028 | BL18: =IF('Set Up Your Model'!$U$36="","Year 5",'Set Up Your Model'!$U$36) -> 2029 | BO18: =IF('Set Up Your Model'!$Q$36="","Year 1",'Set Up Your Model'!$Q$36) -> 2025 | BP18: =IF('Set Up Your Model'!$R$36="","Year 2",'Set Up Your Model'!$R$36) -> 2026 | BQ18: =IF('Set Up Your Model'!$S$36="","Year 3",'Set Up Your Model'!$S$36) -> 2027 | BR18: =IF('Set Up Your Model'!$T$36="","Year 4",'Set Up Your Model'!$T$36) -> 2028 | BS18: =IF('Set Up Your Model'!$U$36="","Year 5",'Set Up Your Model'!$U$36) -> 2029
C19: Market Size | D19: =G9*G13*G14 -> 0 | E19: =D19*(1+$G$10) -> 0 | F19: =E19*(1+$G$10) -> 0 | G19: =F19*(1+$G$10) -> 0 | H19: =G19*(1+$G$10) -> 0 | J19: Market Size | K19: =N9*N13*N14 -> 0 | L19: =K19*(1+$G$10) -> 0 | M19: =L19*(1+$G$10) -> 0 | N19: =M19*(1+$G$10) -> 0 | O19: =N19*(1+$G$10) -> 0 | Q19: Market Size | R19: =U9*U13*U14 -> 0 | S19: =R19*(1+$G$10) -> 0 | T19: =S19*(1+$G$10) -> 0 | U19: =T19*(1+$G$10) -> 0 | V19: =U19*(1+$G$10) -> 0 | X19: Market Size | Y19: =AB9*AB13*AB14 -> 0 | Z19: =Y19*(1+$G$10) -> 0 | AA19: =Z19*(1+$G$10) -> 0 | AB19: =AA19*(1+$G$10) -> 0 | AC19: =AB19*(1+$G$10) -> 0 | AE19: Market Size | AF19: =AI9*AI13*AI14 -> 0 | AG19: =AF19*(1+$G$10) -> 0 | AH19: =AG19*(1+$G$10) -> 0 | AI19: =AH19*(1+$G$10) -> 0 | AJ19: =AI19*(1+$G$10) -> 0 | AL19: Market Size | AM19: =AP9*AP13*AP14 -> 0 | AN19: =AM19*(1+$G$10) -> 0 | AO19: =AN19*(1+$G$10) -> 0 | AP19: =AO19*(1+$G$10) -> 0 | AQ19: =AP19*(1+$G$10) -> 0 | AS19: Market Size | AT19: =AW9*AW13*AW14 -> 0 | AU19: =AT19*(1+$G$10) -> 0 | AV19: =AU19*(1+$G$10) -> 0 | AW19: =AV19*(1+$G$10) -> 0 | AX19: =AW19*(1+$G$10) -> 0 | AZ19: Market Size | BA19: =BD9*BD13*BD14 -> 0 | BB19: =BA19*(1+$G$10) -> 0 | BC19: =BB19*(1+$G$10) -> 0 | BD19: =BC19*(1+$G$10) -> 0 | BE19: =BD19*(1+$G$10) -> 0 | BG19: Market Size | BH19: =BK9*BK13*BK14 -> 0 | BI19: =BH19*(1+$G$10) -> 0 | BJ19: =BI19*(1+$G$10) -> 0 | BK19: =BJ19*(1+$G$10) -> 0 | BL19: =BK19*(1+$G$10) -> 0 | BN19: Market Size | BO19: =BR9*BR13*BR14 -> 0 | BP19: =BO19*(1+$G$10) -> 0 | BQ19: =BP19*(1+$G$10) -> 0 | BR19: =BQ19*(1+$G$10) -> 0 | BS19: =BR19*(1+$G$10) -> 0
C20: Your Revenue | D20: =G9*G11*G15*G16 -> 0 | E20: =D20*(1+$G$12) -> 0 | F20: =E20*(1+$G$12) -> 0 | G20: =F20*(1+$G$12) -> 0 | H20: =G20*(1+$G$12) -> 0 | J20: Your Revenue | K20: =N9*N11*N15*N16 -> 0 | L20: =K20*(1+$G$12) -> 0 | M20: =L20*(1+$G$12) -> 0 | N20: =M20*(1+$G$12) -> 0 | O20: =N20*(1+$G$12) -> 0 | Q20: Your Revenue | R20: =U9*U11*U15*U16 -> 0 | S20: =R20*(1+$G$12) -> 0 | T20: =S20*(1+$G$12) -> 0 | U20: =T20*(1+$G$12) -> 0 | V20: =U20*(1+$G$12) -> 0 | X20: Your Revenue | Y20: =AB9*AB11*AB15*AB16 -> 0 | Z20: =Y20*(1+$G$12) -> 0 | AA20: =Z20*(1+$G$12) -> 0 | AB20: =AA20*(1+$G$12) -> 0 | AC20: =AB20*(1+$G$12) -> 0 | AE20: Your Revenue | AF20: =AI9*AI11*AI15*AI16 -> 0 | AG20: =AF20*(1+$G$12) -> 0 | AH20: =AG20*(1+$G$12) -> 0 | AI20: =AH20*(1+$G$12) -> 0 | AJ20: =AI20*(1+$G$12) -> 0 | AL20: Your Revenue | AM20: =AP9*AP11*AP15*AP16 -> 0 | AN20: =AM20*(1+$G$12) -> 0 | AO20: =AN20*(1+$G$12) -> 0 | AP20: =AO20*(1+$G$12) -> 0 | AQ20: =AP20*(1+$G$12) -> 0 | AS20: Your Revenue | AT20: =AW9*AW11*AW15*AW16 -> 0 | AU20: =AT20*(1+$G$12) -> 0 | AV20: =AU20*(1+$G$12) -> 0 | AW20: =AV20*(1+$G$12) -> 0 | AX20: =AW20*(1+$G$12) -> 0 | AZ20: Your Revenue | BA20: =BD9*BD11*BD15*BD16 -> 0 | BB20: =BA20*(1+$G$12) -> 0 | BC20: =BB20*(1+$G$12) -> 0 | BD20: =BC20*(1+$G$12) -> 0 | BE20: =BD20*(1+$G$12) -> 0 | BG20: Your Revenue | BH20: =BK9*BK11*BK15*BK16 -> 0 | BI20: =BH20*(1+$G$12) -> 0 | BJ20: =BI20*(1+$G$12) -> 0 | BK20: =BJ20*(1+$G$12) -> 0 | BL20: =BK20*(1+$G$12) -> 0 | BN20: Your Revenue | BO20: =BR9*BR11*BR15*BR16 -> 0 | BP20: =BO20*(1+$G$12) -> 0 | BQ20: =BP20*(1+$G$12) -> 0 | BR20: =BQ20*(1+$G$12) -> 0 | BS20: =BR20*(1+$G$12) -> 0
C21: % Share Captured | D21: =IFERROR(D20/D19,"--") -> -- | E21: =IFERROR(E20/E19,"--") -> -- | F21: =IFERROR(F20/F19,"--") -> -- | G21: =IFERROR(G20/G19,"--") -> -- | H21: =IFERROR(H20/H19,"--") -> -- | J21: % Share Captured | K21: =IFERROR(K20/K19,"--") -> -- | L21: =IFERROR(L20/L19,"--") -> -- | M21: =IFERROR(M20/M19,"--") -> -- | N21: =IFERROR(N20/N19,"--") -> -- | O21: =IFERROR(O20/O19,"--") -> -- | Q21: % Share Captured | R21: =IFERROR(R20/R19,"--") -> -- | S21: =IFERROR(S20/S19,"--") -> -- | T21: =IFERROR(T20/T19,"--") -> -- | U21: =IFERROR(U20/U19,"--") -> -- | V21: =IFERROR(V20/V19,"--") -> -- | X21: % Share Captured | Y21: =IFERROR(Y20/Y19,"--") -> -- | Z21: =IFERROR(Z20/Z19,"--") -> -- | AA21: =IFERROR(AA20/AA19,"--") -> -- | AB21: =IFERROR(AB20/AB19,"--") -> -- | AC21: =IFERROR(AC20/AC19,"--") -> -- | AE21: % Share Captured | AF21: =IFERROR(AF20/AF19,"--") -> -- | AG21: =IFERROR(AG20/AG19,"--") -> -- | AH21: =IFERROR(AH20/AH19,"--") -> -- | AI21: =IFERROR(AI20/AI19,"--") -> -- | AJ21: =IFERROR(AJ20/AJ19,"--") -> -- | AL21: % Share Captured | AM21: =IFERROR(AM20/AM19,"--") -> -- | AN21: =IFERROR(AN20/AN19,"--") -> -- | AO21: =IFERROR(AO20/AO19,"--") -> -- | AP21: =IFERROR(AP20/AP19,"--") -> -- | AQ21: =IFERROR(AQ20/AQ19,"--") -> -- | AS21: % Share Captured | AT21: =IFERROR(AT20/AT19,"--") -> -- | AU21: =IFERROR(AU20/AU19,"--") -> -- | AV21: =IFERROR(AV20/AV19,"--") -> -- | AW21: =IFERROR(AW20/AW19,"--") -> -- | AX21: =IFERROR(AX20/AX19,"--") -> -- | AZ21: % Share Captured | BA21: =IFERROR(BA20/BA19,"--") -> -- | BB21: =IFERROR(BB20/BB19,"--") -> -- | BC21: =IFERROR(BC20/BC19,"--") -> -- | BD21: =IFERROR(BD20/BD19,"--") -> -- | BE21: =IFERROR(BE20/BE19,"--") -> -- | BG21: % Share Captured | BH21: =IFERROR(BH20/BH19,"--") -> -- | BI21: =IFERROR(BI20/BI19,"--") -> -- | BJ21: =IFERROR(BJ20/BJ19,"--") -> -- | BK21: =IFERROR(BK20/BK19,"--") -> -- | BL21: =IFERROR(BL20/BL19,"--") -> -- | BN21: % Share Captured | BO21: =IFERROR(BO20/BO19,"--") -> -- | BP21: =IFERROR(BP20/BP19,"--") -> -- | BQ21: =IFERROR(BQ20/BQ19,"--") -> -- | BR21: =IFERROR(BR20/BR19,"--") -> -- | BS21: =IFERROR(BS20/BS19,"--") -> --
C25: Total Revenue from Product or Service Sales
D26: =IF('Set Up Your Model'!$Q$36="","Year 1",'Set Up Your Model'!$Q$36) -> 2025 | E26: =IF('Set Up Your Model'!$R$36="","Year 2",'Set Up Your Model'!$R$36) -> 2026 | F26: =IF('Set Up Your Model'!$S$36="","Year 3",'Set Up Your Model'!$S$36) -> 2027 | G26: =IF('Set Up Your Model'!$T$36="","Year 4",'Set Up Your Model'!$T$36) -> 2028 | H26: =IF('Set Up Your Model'!$U$36="","Year 5",'Set Up Your Model'!$U$36) -> 2029
C27: Total Market Size | D27: =D19+K19+R19+Y19+AF19+AM19+AT19+BA19+BH19+BO19 -> 0 | E27: =E19+L19+S19+Z19+AG19+AN19+AU19+BB19+BI19+BP19 -> 0 | F27: =F19+M19+T19+AA19+AH19+AO19+AV19+BC19+BJ19+BQ19 -> 0 | G27: =G19+N19+U19+AB19+AI19+AP19+AW19+BD19+BK19+BR19 -> 0 | H27: =H19+O19+V19+AC19+AJ19+AQ19+AX19+BE19+BL19+BS19 -> 0
C28: Your Revenue | D28: =D20+K20+R20+Y20+AF20+AM20+AT20+BA20+BH20+BO20 -> 0 | E28: =E20+L20+S20+Z20+AG20+AN20+AU20+BB20+BI20+BP20 -> 0 | F28: =F20+M20+T20+AA20+AH20+AO20+AV20+BC20+BJ20+BQ20 -> 0 | G28: =G20+N20+U20+AB20+AI20+AP20+AW20+BD20+BK20+BR20 -> 0 | H28: =H20+O20+V20+AC20+AJ20+AQ20+AX20+BE20+BL20+BS20 -> 0
C29: % Share Captured | D29: =IFERROR(D28/D27,"--") -> -- | E29: =IFERROR(E28/E27,"--") -> -- | F29: =IFERROR(F28/F27,"--") -> -- | G29: =IFERROR(G28/G27,"--") -> -- | H29: =IFERROR(H28/H27,"--") -> --

Sheet Subscription
C1: Subscription
C3: Choose # of subscriptions in your business (Max 10) | H3: 10
A5: HELP | C5: Subscription 1 | J5: Subscription 2 | Q5: Subscription 3 | X5: Subscription 4 | AE5: Subscription 5 | AL5: Subscription 6 | AS5: Subscription 7 | AZ5: Subscription 8 | BG5: Subscription 9 | BN5: Subscription 10
C7: Name | J7: Name | Q7: Name | X7: Name | AE7: Name | AL7: Name | AS7: Name | AZ7: Name | BG7: Name | BN7: Name
C9: Total Number of Target Customers | J9: Total Number of Target Customers | Q9: Total Number of Target Customers | X9: Total Number of Target Customers | AE9: Total Number of Target Customers | AL9: Total Number of Target Customers | AS9: Total Number of Target Customers | AZ9: Total Number of Target Customers | BG9: Total Number of Target Customers | BN9: Total Number of Target Customers
C10: Market Growth % | J10: Market Growth % | Q10: Market Growth % | X10: Market Growth % | AE10: Market Growth % | AL10: Market Growth % | AS10: Market Growth % | AZ10: Market Growth % | BG10: Market Growth % | BN10: Market Growth %
C11: % Customers Captured in Year 1 | J11: % Customers Captured in Year 1 | Q11: % Customers Captured in Year 1 | X11: % Customers Captured in Year 1 | AE11: % Customers Captured in Year 1 | AL11: % Customers Captured in Year 1 | AS11: % Customers Captured in Year 1 | AZ11: % Customers Captured in Year 1 | BG11: % Customers Captured in Year 1 | BN11: % Customers Captured in Year 1
C12: Projected Revenue Growth for your company % | J12: Projected Revenue Growth for your company % | Q12: Projected Revenue Growth for your company % | X12: Projected Revenue Growth for your company % | AE12: Projected Revenue Growth for your company % | AL12: Projected Revenue Growth for your company % | AS12: Projected Revenue Growth for your company % | AZ12: Projected Revenue Growth for your company % | BG12: Projected Revenue Growth for your company % | BN12: Projected Revenue Growth for your company %
C13: Avg. Price for Market for Monthly Subscription | J13: Avg. Price for Market for Monthly Subscription | Q13: Avg. Price for Market for Monthly Subscription | X13: Avg. Price for Market for Monthly Subscription | AE13: Avg. Price for Market for Monthly Subscription | AL13: Avg. Price for Market for Monthly Subscription | AS13: Avg. Price for Market for Monthly Subscription | AZ13: Avg. Price for Market for Monthly Subscription | BG13: Avg. Price for Market for Monthly Subscription | BN13: Avg. Price for Market for Monthly Subscription
C14: Avg. # of Months Subscribed/Customer for Market | J14: Avg. # of Months Subscribed/Customer for Market | Q14: Avg. # of Months Subscribed/Customer for Market | X14: Avg. # of Months Subscribed/Customer for Market | AE14: Avg. # of Months Subscribed/Customer for Market | AL14: Avg. # of Months Subscribed/Customer for Market | AS14: Avg. # of Months Subscribed/Customer for Market | AZ14: Avg. # of Months Subscribed/Customer for Market | BG14: Avg. # of Months Subscribed/Customer for Market | BN14: Avg. # of Months Subscribed/Customer for Market
C15: Avg. Price for your Company for Monthly Subscription | J15: Avg. Price for your Company for Monthly Subscription | Q15: Avg. Price for your Company for Monthly Subscription | X15: Avg. Price for your Company for Monthly Subscription | AE15: Avg. Price for your Company for Monthly Subscription | AL15: Avg. Price for your Company for Monthly Subscription | AS15: Avg. Price for your Company for Monthly Subscription | AZ15: Avg. Price for your Company for Monthly Subscription | BG15: Avg. Price for your Company for Monthly Subscription | BN15: Avg. Price for your Company for Monthly Subscription
C16: Avg. # of Months Subscribed/Customer for your Company | J16: Avg. # of Months Subscribed/Customer for your Company | Q16: Avg. # of Months Subscribed/Customer for your Company | X16: Avg. # of Months Subscribed/Customer for your Company | AE16: Avg. # of Months Subscribed/Customer for your Company | AL16: Avg. # of Months Subscribed/Customer for your Company | AS16: Avg. # of Months Subscribed/Customer for your Company | AZ16: Avg. # of Months Subscribed/Customer for your Company | BG16: Avg. # of Months Subscribed/Customer for your Company | BN16: Avg. # of Months Subscribed/Customer for your Company
D18: =IF('Set Up Your Model'!$Q$36="","Year 1",'Set Up Your Model'!$Q$36) -> 2025 | E18: =IF('Set Up Your Model'!$R$36="","Year 2",'Set Up Your Model'!$R$36) -> 2026 | F18: =IF('Set Up Your Model'!$S$36="","Year 3",'Set Up Your Model'!$S$36) -> 2027 | G18: =IF('Set Up Your Model'!$T$36="","Year 4",'Set Up Your Model'!$T$36) -> 2028 | H18: =IF('Set Up Your Model'!$U$36="","Year 5",'Set Up Your Model'!$U$36) -> 2029 | K18: =IF('Set Up Your Model'!$Q$36="","Year 1",'Set Up Your Model'!$Q$36) -> 2025 | L18: =IF('Set Up Your Model'!$R$36="","Year 2",'Set Up Your Model'!$R$36) -> 2026 | M18: =IF('Set Up Your Model'!$S$36="","Year 3",'Set Up Your Model'!$S$36) -> 2027 | N18: =IF('Set Up Your Model'!$T$36="","Year 4",'Set Up Your Model'!$T$36) -> 2028 | O18: =IF('Set Up Your Model'!$U$36="","Year 5",'Set Up Your Model'!$U$36) -> 2029 | R18: =IF('Set Up Your Model'!$Q$36="","Year 1",'Set Up Your Model'!$Q$36) -> 2025 | S18: =IF('Set Up Your Model'!$R$36="","Year 2",'Set Up Your Model'!$R$36) -> 2026 | T18: =IF('Set Up Your Model'!$S$36="","Year 3",'Set Up Your Model'!$S$36) -> 2027 | U18: =IF('Set Up Your Model'!$T$36="","Year 4",'Set Up Your Model'!$T$36) -> 2028 | V18: =IF('Set Up Your Model'!$U$36="","Year 5",'Set Up Your Model'!$U$36) -> 2029 | Y18: =IF('Set Up Your Model'!$Q$36="","Year 1",'Set Up Your Model'!$Q$36) -> 2025 | Z18: =IF('Set Up Your Model'!$R$36="","Year 2",'Set Up Your Model'!$R$36) -> 2026 | AA18: =IF('Set Up Your Model'!$S$36="","Year 3",'Set Up Your Model'!$S$36) -> 2027 | AB18: =IF('Set Up Your Model'!$T$36="","Year 4",'Set Up Your Model'!$T$36) -> 2028 | AC18: =IF('Set Up Your Model'!$U$36="","Year 5",'Set Up Your Model'!$U$36) -> 2029 | AF18: =IF('Set Up Your Model'!$Q$36="","Year 1",'Set Up Your Model'!$Q$36) -> 2025 | AG18: =IF('Set Up Your Model'!$R$36="","Year 2",'Set Up Your Model'!$R$36) -> 2026 | AH18: =IF('Set Up Your Model'!$S$36="","Year 3",'Set Up Your Model'!$S$36) -> 2027 | AI18: =IF('Set Up Your Model'!$T$36="","Year 4",'Set Up Your Model'!$T$36) -> 2028 | AJ18: =IF('Set Up Your Model'!$U$36="","Year 5",'Set Up Your Model'!$U$36) -> 2029 | AM18: =IF('Set Up Your Model'!$Q$36="","Year 1",'Set Up Your Model'!$Q$36) -> 2025 | AN18: =IF('Set Up Your Model'!$R$36="","Year 2",'Set Up Your Model'!$R$36) -> 2026 | AO18: =IF('Set Up Your Model'!$S$36="","Year 3",'Set Up Your Model'!$S$36) -> 2027 | AP18: =IF('Set Up Your Model'!$T$36="","Year 4",'Set Up Your Model'!$T$36) -> 2028 | AQ18: =IF('Set Up Your Model'!$U$36="","Year 5",'Set Up Your Model'!$U$36) -> 2029 | AT18: =IF('Set Up Your Model'!$Q$36="","Year 1",'Set Up Your Model'!$Q$36) -> 2025 | AU18: =IF('Set Up Your Model'!$R$36="","Year 2",'Set Up Your Model'!$R$36) -> 2026 | AV18: =IF('Set Up Your Model'!$S$36="","Year 3",'Set Up Your Model'!$S$36) -> 2027 | AW18: =IF('Set Up Your Model'!$T$36="","Year 4",'Set Up Your Model'!$T$36) -> 2028 | AX18: =IF('Set Up Your Model'!$U$36="","Year 5",'Set Up Your Model'!$U$36) -> 2029 | BA18: =IF('Set Up Your Model'!$Q$36="","Year 1",'Set Up Your Model'!$Q$36) -> 2025 | BB18: =IF('Set Up Your Model'!$R$36="","Year 2",'Set Up Your Model'!$R$36) -> 2026 | BC18: =IF('Set Up Your Model'!$S$36="","Year 3",'Set Up Your Model'!$S$36) -> 2027 | BD18: =IF('Set Up Your Model'!$T$36="","Year 4",'Set Up Your Model'!$T$36) -> 2028 | BE18: =IF('Set Up Your Model'!$U$36="","Year 5",'Set Up Your Model'!$U$36) -> 2029 | BH18: =IF('Set Up Your Model'!$Q$36="","Year 1",'Set Up Your Model'!$Q$36) -> 2025 | BI18: =IF('Set Up Your Model'!$R$36="","Year 2",'Set Up Your Model'!$R$36) -> 2026 | BJ18: =IF('Set Up Your Model'!$S$36="","Year 3",'Set Up Your Model'!$S$36) -> 2027 | BK18: =IF('Set Up Your Model'!$T$36="","Year 4",'Set Up Your Model'!$T$36) -> 2028 | BL18: =IF('Set Up Your Model'!$U$36="","Year 5",'Set Up Your Model'!$U$36) -> 2029 | BO18: =IF('Set Up Your Model'!$Q$36="","Year 1",'Set Up Your Model'!$Q$36) -> 2025 | BP18: =IF('Set Up Your Model'!$R$36="","Year 2",'Set Up Your Model'!$R$36) -> 2026 | BQ18: =IF('Set Up Your Model'!$S$36="","Year 3",'Set Up Your Model'!$S$36) -> 2027 | BR18: =IF('Set Up Your Model'!$T$36="","Year 4",'Set Up Your Model'!$T$36) -> 2028 | BS18: =IF('Set Up Your Model'!$U$36="","Year 5",'Set Up Your Model'!$U$36) -> 2029
C19: Market Size | D19: =G9*G13*G14 -> 0 | E19: =D19*(1+$G$10) -> 0 | F19: =E19*(1+$G$10) -> 0 | G19: =F19*(1+$G$10) -> 0 | H19: =G19*(1+$G$10) -> 0 | J19: Market Size | K19: =N9*N13*N14 -> 0 | L19: =K19*(1+$G$10) -> 0 | M19: =L19*(1+$G$10) -> 0 | N19: =M19*(1+$G$10) -> 0 | O19: =N19*(1+$G$10) -> 0 | Q19: Market Size | R19: =U9*U13*U14 -> 0 | S19: =R19*(1+$G$10) -> 0 | T19: =S19*(1+$G$10) -> 0 | U19: =T19*(1+$G$10) -> 0 | V19: =U19*(1+$G$10) -> 0 | X19: Market Size | Y19: =AB9*AB13*AB14 -> 0 | Z19: =Y19*(1+$G$10) -> 0 | AA19: =Z19*(1+$G$10) -> 0 | AB19: =AA19*(1+$G$10) -> 0 | AC19: =AB19*(1+$G$10) -> 0 | AE19: Market Size | AF19: =AI9*AI13*AI14 -> 0 | AG19: =AF19*(1+$G$10) -> 0 | AH19: =AG19*(1+$G$10) -> 0 | AI19: =AH19*(1+$G$10) -> 0 | AJ19: =AI19*(1+$G$10) -> 0 | AL19: Market Size | AM19: =AP9*AP13*AP14 -> 0 | AN19: =AM19*(1+$G$10) -> 0 | AO19: =AN19*(1+$G$10) -> 0 | AP19: =AO19*(1+$G$10) -> 0 | AQ19: =AP19*(1+$G$10) -> 0 | AS19: Market Size | AT19: =AW9*AW13*AW14 -> 0 | AU19: =AT19*(1+$G$10) -> 0 | AV19: =AU19*(1+$G$10) -> 0 | AW19: =AV19*(1+$G$10) -> 0 | AX19: =AW19*(1+$G$10) -> 0 | AZ19: Market Size | BA19: =BD9*BD13*BD14 -> 0 | BB19: =BA19*(1+$G$10) -> 0 | BC19: =BB19*(1+$G$10) -> 0 | BD19: =BC19*(1+$G$10) -> 0 | BE19: =BD19*(1+$G$10) -> 0 | BG19: Market Size | BH19: =BK9*BK13*BK14 -> 0 | BI19: =BH19*(1+$G$10) -> 0 | BJ19: =BI19*(1+$G$10) -> 0 | BK19: =BJ19*(1+$G$10) -> 0 | BL19: =BK19*(1+$G$10) -> 0 | BN19: Market Size | BO19: =BR9*BR13*BR14 -> 0 | BP19: =BO19*(1+$G$10) -> 0 | BQ19: =BP19*(1+$G$10) -> 0 | BR19: =BQ19*(1+$G$10) -> 0 | BS19: =BR19*(1+$G$10) -> 0
C20: Your Revenue | D20: =G9*G11*G15*G16 -> 0 | E20: =D20*(1+$G$12) -> 0 | F20: =E20*(1+$G$12) -> 0 | G20: =F20*(1+$G$12) -> 0 | H20: =G20*(1+$G$12) -> 0 | J20: Your Revenue | K20: =N9*N11*N15*N16 -> 0 | L20: =K20*(1+$G$12) -> 0 | M20: =L20*(1+$G$12) -> 0 | N20: =M20*(1+$G$12) -> 0 | O20: =N20*(1+$G$12) -> 0 | Q20: Your Revenue | R20: =U9*U11*U15*U16 -> 0 | S20: =R20*(1+$G$12) -> 0 | T20: =S20*(1+$G$12) -> 0 | U20: =T20*(1+$G$12) -> 0 | V20: =U20*(1+$G$12) -> 0 | X20: Your Revenue | Y20: =AB9*AB11*AB15*AB16 -> 0 | Z20: =Y20*(1+$G$12) -> 0 | AA20: =Z20*(1+$G$12) -> 0 | AB20: =AA20*(1+$G$12) -> 0 | AC20: =AB20*(1+$G$12) -> 0 | AE20: Your Revenue | AF20: =AI9*AI11*AI15*AI16 -> 0 | AG20: =AF20*(1+$G$12) -> 0 | AH20: =AG20*(1+$G$12) -> 0 | AI20: =AH20*(1+$G$12) -> 0 | AJ20: =AI20*(1+$G$12) -> 0 | AL20: Your Revenue | AM20: =AP9*AP11*AP15*AP16 -> 0 | AN20: =AM20*(1+$G$12) -> 0 | AO20: =AN20*(1+$G$12) -> 0 | AP20: =AO20*(1+$G$12) -> 0 | AQ20: =AP20*(1+$G$12) -> 0 | AS20: Your Revenue | AT20: =AW9*AW11*AW15*AW16 -> 0 | AU20: =AT20*(1+$G$12) -> 0 | AV20: =AU20*(1+$G$12) -> 0 | AW20: =AV20*(1+$G$12) -> 0 | AX20: =AW20*(1+$G$12) -> 0 | AZ20: Your Revenue | BA20: =BD9*BD11*BD15*BD16 -> 0 | BB20: =BA20*(1+$G$12) -> 0 | BC20: =BB20*(1+$G$12) -> 0 | BD20: =BC20*(1+$G$12) -> 0 | BE20: =BD20*(1+$G$12) -> 0 | BG20: Your Revenue | BH20: =BK9*BK11*BK15*BK16 -> 0 | BI20: =BH20*(1+$G$12) -> 0 | BJ20: =BI20*(1+$G$12) -> 0 | BK20: =BJ20*(1+$G$12) -> 0 | BL20: =BK20*(1+$G$12) -> 0 | BN20: Your Revenue | BO20: =BR9*BR11*BR15*BR16 -> 0 | BP20: =BO20*(1+$G$12) -> 0 | BQ20: =BP20*(1+$G$12) -> 0 | BR20: =BQ20*(1+$G$12) -> 0 | BS20: =BR20*(1+$G$12) -> 0
C21: % Share Captured | D21: =IFERROR(D20/D19,"--") -> -- | E21: =IFERROR(E20/E19,"--") -> -- | F21: =IFERROR(F20/F19,"--") -> -- | G21: =IFERROR(G20/G19,"--") -> -- | H21: =IFERROR(H20/H19,"--") -> -- | J21: % Share Captured | K21: =IFERROR(K20/K19,"--") -> -- | L21: =IFERROR(L20/L19,"--") -> -- | M21: =IFERROR(M20/M19,"--") -> -- | N21: =IFERROR(N20/N19,"--") -> -- | O21: =IFERROR(O20/O19,"--") -> -- | Q21: % Share Captured | R21: =IFERROR(R20/R19,"--") -> -- | S21: =IFERROR(S20/S19,"--") -> -- | T21: =IFERROR(T20/T19,"--") -> -- | U21: =IFERROR(U20/U19,"--") -> -- | V21: =IFERROR(V20/V19,"--") -> -- | X21: % Share Captured | Y21: =IFERROR(Y20/Y19,"--") -> -- | Z21: =IFERROR(Z20/Z19,"--") -> -- | AA21: =IFERROR(AA20/AA19,"--") -> -- | AB21: =IFERROR(AB20/AB19,"--") -> -- | AC21: =IFERROR(AC20/AC19,"--") -> -- | AE21: % Share Captured | AF21: =IFERROR(AF20/AF19,"--") -> -- | AG21: =IFERROR(AG20/AG19,"--") -> -- | AH21: =IFERROR(AH20/AH19,"--") -> -- | AI21: =IFERROR(AI20/AI19,"--") -> -- | AJ21: =IFERROR(AJ20/AJ19,"--") -> -- | AL21: % Share Captured | AM21: =IFERROR(AM20/AM19,"--") -> -- | AN21: =IFERROR(AN20/AN19,"--") -> -- | AO21: =IFERROR(AO20/AO19,"--") -> -- | AP21: =IFERROR(AP20/AP19,"--") -> -- | AQ21: =IFERROR(AQ20/AQ19,"--") -> -- | AS21: % Share Captured | AT21: =IFERROR(AT20/AT19,"--") -> -- | AU21: =IFERROR(AU20/AU19,"--") -> -- | AV21: =IFERROR(AV20/AV19,"--") -> -- | AW21: =IFERROR(AW20/AW19,"--") -> -- | AX21: =IFERROR(AX20/AX19,"--") -> -- | AZ21: % Share Captured | BA21: =IFERROR(BA20/BA19,"--") -> -- | BB21: =IFERROR(BB20/BB19,"--") -> -- | BC21: =IFERROR(BC20/BC19,"--") -> -- | BD21: =IFERROR(BD20/BD19,"--") -> -- | BE21: =IFERROR(BE20/BE19,"--") -> -- | BG21: % Share Captured | BH21: =IFERROR(BH20/BH19,"--") -> -- | BI21: =IFERROR(BI20/BI19,"--") -> -- | BJ21: =IFERROR(BJ20/BJ19,"--") -> -- | BK21: =IFERROR(BK20/BK19,"--") -> -- | BL21: =IFERROR(BL20/BL19,"--") -> -- | BN21: % Share Captured | BO21: =IFERROR(BO20/BO19,"--") -> -- | BP21: =IFERROR(BP20/BP19,"--") -> -- | BQ21: =IFERROR(BQ20/BQ19,"--") -> -- | BR21: =IFERROR(BR20/BR19,"--") -> -- | BS21: =IFERROR(BS20/BS19,"--") -> --
C25: Total Revenue from Subscriptions
D26: =IF('Set Up Your Model'!$Q$36="","Year 1",'Set Up Your Model'!$Q$36) -> 2025 | E26: =IF('Set Up Your Model'!$R$36="","Year 2",'Set Up Your Model'!$R$36) -> 2026 | F26: =IF('Set Up Your Model'!$S$36="","Year 3",'Set Up Your Model'!$S$36) -> 2027 | G26: =IF('Set Up Your Model'!$T$36="","Year 4",'Set Up Your Model'!$T$36) -> 2028 | H26: =IF('Set Up Your Model'!$U$36="","Year 5",'Set Up Your Model'!$U$36) -> 2029
C27: Total Market Size | D27: =D19+K19+R19+Y19+AF19+AM19+AT19+BA19+BH19+BO19 -> 0 | E27: =E19+L19+S19+Z19+AG19+AN19+AU19+BB19+BI19+BP19 -> 0 | F27: =F19+M19+T19+AA19+AH19+AO19+AV19+BC19+BJ19+BQ19 -> 0 | G27: =G19+N19+U19+AB19+AI19+AP19+AW19+BD19+BK19+BR19 -> 0 | H27: =H19+O19+V19+AC19+AJ19+AQ19+AX19+BE19+BL19+BS19 -> 0
C28: Your Revenue | D28: =D20+K20+R20+Y20+AF20+AM20+AT20+BA20+BH20+BO20 -> 0 | E28: =E20+L20+S20+Z20+AG20+AN20+AU20+BB20+BI20+BP20 -> 0 | F28: =F20+M20+T20+AA20+AH20+AO20+AV20+BC20+BJ20+BQ20 -> 0 | G28: =G20+N20+U20+AB20+AI20+AP20+AW20+BD20+BK20+BR20 -> 0 | H28: =H20+O20+V20+AC20+AJ20+AQ20+AX20+BE20+BL20+BS20 -> 0
C29: % Share Captured | D29: =IFERROR(D28/D27,"--") -> -- | E29: =IFERROR(E28/E27,"--") -> -- | F29: =IFERROR(F28/F27,"--") -> -- | G29: =IFERROR(G28/G27,"--") -> -- | H29: =IFERROR(H28/H27,"--") -> --

Sheet Licensing
C1: Licensing
C3: Choose # of licensable products/services in your business | H3: 5
A5: HELP | C5: Product / Service 1 | J5: Product / Service 2 | Q5: Product / Service 3 | X5: Product / Service 4 | AE5: Product / Service 5
C7: Name | J7: Name | Q7: Name | X7: Name | AE7: Name
C9: Price of products / services licensed | J9: Price of products / services licensed | Q9: Price of products / services licensed | X9: Price of products / services licensed | AE9: Price of products / services licensed
C10: Flat Fee Licensing | J10: Flat Fee Licensing | Q10: Flat Fee Licensing | X10: Flat Fee Licensing | AE10: Flat Fee Licensing
C11: Flat annual fee | J11: Flat annual fee per product | Q11: Flat annual fee per product | X11: Flat annual fee per product | AE11: Flat annual fee per product
C12: Royalty | J12: Royalty | Q12: Royalty | X12: Royalty | AE12: Royalty
C13: Estimated annual sales volume | J13: Estimated annual sales volume | Q13: Estimated annual sales volume | X13: Estimated annual sales volume | AE13: Estimated annual sales volume
C14: Royalty % of revenue generated | J14: Royalty % of revenue generated | Q14: Royalty % of revenue generated | X14: Royalty % of revenue generated | AE14: Royalty % of revenue generated
C15: Annual Growth: | J15: Annual Growth: | Q15: Annual Growth: | X15: Annual Growth: | AE15: Annual Growth:
C16: Market growth rate | J16: Market growth rate | Q16: Market growth rate | X16: Market growth rate | AE16: Market growth rate
C17: % Increase in prices | J17: % Increase in prices | Q17: % Increase in prices | X17: % Increase in prices | AE17: % Increase in prices
C18: Customer retention rate | J18: Customer retention rate | Q18: Customer retention rate | X18: Customer retention rate | AE18: Customer retention rate
D20: =IF('Set Up Your Model'!$Q$36="","Year 1",'Set Up Your Model'!$Q$36) -> 2025 | E20: =IF('Set Up Your Model'!$R$36="","Year 2",'Set Up Your Model'!$R$36) -> 2026 | F20: =IF('Set Up Your Model'!$S$36="","Year 3",'Set Up Your Model'!$S$36) -> 2027 | G20: =IF('Set Up Your Model'!$T$36="","Year 4",'Set Up Your Model'!$T$36) -> 2028 | H20: =IF('Set Up Your Model'!$U$36="","Year 5",'Set Up Your Model'!$U$36) -> 2029 | K20: =IF('Set Up Your Model'!$Q$36="","Year 1",'Set Up Your Model'!$Q$36) -> 2025 | L20: =IF('Set Up Your Model'!$R$36="","Year 2",'Set Up Your Model'!$R$36) -> 2026 | M20: =IF('Set Up Your Model'!$S$36="","Year 3",'Set Up Your Model'!$S$36) -> 2027 | N20: =IF('Set Up Your Model'!$T$36="","Year 4",'Set Up Your Model'!$T$36) -> 2028 | O20: =IF('Set Up Your Model'!$U$36="","Year 5",'Set Up Your Model'!$U$36) -> 2029 | R20: =IF('Set Up Your Model'!$Q$36="","Year 1",'Set Up Your Model'!$Q$36) -> 2025 | S20: =IF('Set Up Your Model'!$R$36="","Year 2",'Set Up Your Model'!$R$36) -> 2026 | T20: =IF('Set Up Your Model'!$S$36="","Year 3",'Set Up Your Model'!$S$36) -> 2027 | U20: =IF('Set Up Your Model'!$T$36="","Year 4",'Set Up Your Model'!$T$36) -> 2028 | V20: =IF('Set Up Your Model'!$U$36="","Year 5",'Set Up Your Model'!$U$36) -> 2029 | Y20: =IF('Set Up Your Model'!$Q$36="","Year 1",'Set Up Your Model'!$Q$36) -> 2025 | Z20: =IF('Set Up Your Model'!$R$36="","Year 2",'Set Up Your Model'!$R$36) -> 2026 | AA20: =IF('Set Up Your Model'!$S$36="","Year 3",'Set Up Your Model'!$S$36) -> 2027 | AB20: =IF('Set Up Your Model'!$T$36="","Year 4",'Set Up Your Model'!$T$36) -> 2028 | AC20: =IF('Set Up Your Model'!$U$36="","Year 5",'Set Up Your Model'!$U$36) -> 2029 | AF20: =IF('Set Up Your Model'!$Q$36="","Year 1",'Set Up Your Model'!$Q$36) -> 2025 | AG20: =IF('Set Up Your Model'!$R$36="","Year 2",'Set Up Your Model'!$R$36) -> 2026 | AH20: =IF('Set Up Your Model'!$S$36="","Year 3",'Set Up Your Model'!$S$36) -> 2027 | AI20: =IF('Set Up Your Model'!$T$36="","Year 4",'Set Up Your Model'!$T$36) -> 2028 | AJ20: =IF('Set Up Your Model'!$U$36="","Year 5",'Set Up Your Model'!$U$36) -> 2029
C21: Your Revenue | D21: =(G11)+(G13*G14*G9) -> 0 | E21: =D21*(1+$G$16)*(1+$G$17)*($G$18) -> 0 | F21: =E21*(1+$G$16)*(1+$G$17)*($G$18) -> 0 | G21: =F21*(1+$G$16)*(1+$G$17)*($G$18) -> 0 | H21: =G21*(1+$G$16)*(1+$G$17)*($G$18) -> 0 | J21: Your Revenue | K21: =(N11)+(N13*N14*N9) -> 0 | L21: =K21*(1+$G$16)*(1+$G$17)*($G$18) -> 0 | M21: =L21*(1+$G$16)*(1+$G$17)*($G$18) -> 0 | N21: =M21*(1+$G$16)*(1+$G$17)*($G$18) -> 0 | O21: =N21*(1+$G$16)*(1+$G$17)*($G$18) -> 0 | Q21: Your Revenue | R21: =(U11)+(U13*U14*U9) -> 0 | S21: =R21*(1+$G$16)*(1+$G$17)*($G$18) -> 0 | T21: =S21*(1+$G$16)*(1+$G$17)*($G$18) -> 0 | U21: =T21*(1+$G$16)*(1+$G$17)*($G$18) -> 0 | V21: =U21*(1+$G$16)*(1+$G$17)*($G$18) -> 0 | X21: Your Revenue | Y21: =(AB11)+(AB13*AB14*AB9) -> 0 | Z21: =Y21*(1+$G$16)*(1+$G$17)*($G$18) -> 0 | AA21: =Z21*(1+$G$16)*(1+$G$17)*($G$18) -> 0 | AB21: =AA21*(1+$G$16)*(1+$G$17)*($G$18) -> 0 | AC21: =AB21*(1+$G$16)*(1+$G$17)*($G$18) -> 0 | AE21: Your Revenue | AF21: =(AI11)+(AI13*AI14*AI9) -> 0 | AG21: =AF21*(1+$G$16)*(1+$G$17)*($G$18) -> 0 | AH21: =AG21*(1+$G$16)*(1+$G$17)*($G$18) -> 0 | AI21: =AH21*(1+$G$16)*(1+$G$17)*($G$18) -> 0 | AJ21: =AI21*(1+$G$16)*(1+$G$17)*($G$18) -> 0
C25: Total Revenue from Licensing
D26: =IF('Set Up Your Model'!$Q$36="","Year 1",'Set Up Your Model'!$Q$36) -> 2025 | E26: =IF('Set Up Your Model'!$R$36="","Year 2",'Set Up Your Model'!$R$36) -> 2026 | F26: =IF('Set Up Your Model'!$S$36="","Year 3",'Set Up Your Model'!$S$36) -> 2027 | G26: =IF('Set Up Your Model'!$T$36="","Year 4",'Set Up Your Model'!$T$36) -> 2028 | H26: =IF('Set Up Your Model'!$U$36="","Year 5",'Set Up Your Model'!$U$36) -> 2029
C27: Revenue | D27: =D21+K21+R21+Y21+AF21 -> 0 | E27: =E21+L21+S21+Z21+AG21 -> 0 | F27: =F21+M21+T21+AA21+AH21 -> 0 | G27: =G21+N21+U21+AB21+AI21 -> 0 | H27: =H21+O21+V21+AC21+AJ21 -> 0

Sheet Advertising
C1: Advertising
C3: Choose # of advertising platforms in your business (Max 5) | H3: 5
A5: HELP | C5: Advertising Platform 1 | J5: Advertising Platform 2 | Q5: Advertising Platform 3 | X5: Advertising Platform 4 | AE5: Advertising Platform 5
C7: Name | J7: Name | Q7: Name | X7: Name | AE7: Name
C9: Total platform traffic (monthly visitors * 12) | J9: Total platform traffic (monthly visitors * 12) | Q9: Total platform traffic (monthly visitors * 12) | X9: Total platform traffic (monthly visitors * 12) | AE9: Total platform traffic (monthly visitors * 12)
C10: Cost-per-click (CPC) Ads | J10: Cost-per-click (CPC) Ads | Q10: Cost-per-click (CPC) Ads | X10: Cost-per-click (CPC) Ads | AE10: Cost-per-click (CPC) Ads
C11: Click-Through Rate (CTR) for ads | J11: Click-Through Rate (CTR) for ads | Q11: Click-Through Rate (CTR) for ads | X11: Click-Through Rate (CTR) for ads | AE11: Click-Through Rate (CTR) for ads
C12: Average cost-per-click (CPC) rate | J12: Average CPC rate | Q12: Average CPC rate | X12: Average CPC rate | AE12: Average CPC rate
C13: Cost per mile (CPM) Ads | J13: Cost per mile (CPM) Ads | Q13: Cost per mile (CPM) Ads | X13: Cost per mile (CPM) Ads | AE13: Cost per mile (CPM) Ads
C14: Total Impressions per visitor | J14: Total Impressions per visitor | Q14: Total Impressions per visitor | X14: Total Impressions per visitor | AE14: Total Impressions per visitor
C15: Cost per mile (CPM) rate | J15: CPM rate | Q15: CPM rate | X15: CPM rate | AE15: CPM rate
C16: Annual Growth: | J16: Annual Growth: | Q16: Annual Growth: | X16: Annual Growth: | AE16: Annual Growth:
C17: Annual traffic growth rate | J17: Annual traffic growth rate | Q17: Annual traffic growth rate | X17: Annual traffic growth rate | AE17: Annual traffic growth rate
C18: CTR improvement rate | J18: CTR improvement rate | Q18: CTR improvement rate | X18: CTR improvement rate | AE18: CTR improvement rate
C19: CPC / CPM rate increase | J19: CPC / CPM rate increase | Q19: CPC / CPM rate increase | X19: CPC / CPM rate increase | AE19: CPC / CPM rate increase
D21: =IF('Set Up Your Model'!$Q$36="","Year 1",'Set Up Your Model'!$Q$36) -> 2025 | E21: =IF('Set Up Your Model'!$R$36="","Year 2",'Set Up Your Model'!$R$36) -> 2026 | F21: =IF('Set Up Your Model'!$S$36="","Year 3",'Set Up Your Model'!$S$36) -> 2027 | G21: =IF('Set Up Your Model'!$T$36="","Year 4",'Set Up Your Model'!$T$36) -> 2028 | H21: =IF('Set Up Your Model'!$U$36="","Year 5",'Set Up Your Model'!$U$36) -> 2029 | K21: =IF('Set Up Your Model'!$Q$36="","Year 1",'Set Up Your Model'!$Q$36) -> 2025 | L21: =IF('Set Up Your Model'!$R$36="","Year 2",'Set Up Your Model'!$R$36) -> 2026 | M21: =IF('Set Up Your Model'!$S$36="","Year 3",'Set Up Your Model'!$S$36) -> 2027 | N21: =IF('Set Up Your Model'!$T$36="","Year 4",'Set Up Your Model'!$T$36) -> 2028 | O21: =IF('Set Up Your Model'!$U$36="","Year 5",'Set Up Your Model'!$U$36) -> 2029 | R21: =IF('Set Up Your Model'!$Q$36="","Year 1",'Set Up Your Model'!$Q$36) -> 2025 | S21: =IF('Set Up Your Model'!$R$36="","Year 2",'Set Up Your Model'!$R$36) -> 2026 | T21: =IF('Set Up Your Model'!$S$36="","Year 3",'Set Up Your Model'!$S$36) -> 2027 | U21: =IF('Set Up Your Model'!$T$36="","Year 4",'Set Up Your Model'!$T$36) -> 2028 | V21: =IF('Set Up Your Model'!$U$36="","Year 5",'Set Up Your Model'!$U$36) -> 2029 | Y21: =IF('Set Up Your Model'!$Q$36="","Year 1",'Set Up Your Model'!$Q$36) -> 2025 | Z21: =IF('Set Up Your Model'!$R$36="","Year 2",'Set Up Your Model'!$R$36) -> 2026 | AA21: =IF('Set Up Your Model'!$S$36="","Year 3",'Set Up Your Model'!$S$36) -> 2027 | AB21: =IF('Set Up Your Model'!$T$36="","Year 4",'Set Up Your Model'!$T$36) -> 2028 | AC21: =IF('Set Up Your Model'!$U$36="","Year 5",'Set Up Your Model'!$U$36) -> 2029 | AF21: =IF('Set Up Your Model'!$Q$36="","Year 1",'Set Up Your Model'!$Q$36) -> 2025 | AG21: =IF('Set Up Your Model'!$R$36="","Year 2",'Set Up Your Model'!$R$36) -> 2026 | AH21: =IF('Set Up Your Model'!$S$36="","Year 3",'Set Up Your Model'!$S$36) -> 2027 | AI21: =IF('Set Up Your Model'!$T$36="","Year 4",'Set Up Your Model'!$T$36) -> 2028 | AJ21: =IF('Set Up Your Model'!$U$36="","Year 5",'Set Up Your Model'!$U$36) -> 2029
C22: Adv Revenue | D22: =(G9*G11*G12)+(G9*G14*G15) -> 0 | E22: =D22*(1+$G$17+$G$18+$G$19) -> 0 | F22: =E22*(1+$G$17+$G$18+$G$19) -> 0 | G22: =F22*(1+$G$17+$G$18+$G$19) -> 0 | H22: =G22*(1+$G$17+$G$18+$G$19) -> 0 | J22: Adv Revenue | K22: =(N9*N11*N12)+(N9*N14*N15) -> 0 | L22: =K22*(1+$N$17+$N$18+$N$19) -> 0 | M22: =L22*(1+$N$17+$N$18+$N$19) -> 0 | N22: =M22*(1+$N$17+$N$18+$N$19) -> 0 | O22: =N22*(1+$N$17+$N$18+$N$19) -> 0 | Q22: Adv Revenue | R22: =(U9*U11*U12)+(U9*U14*U15) -> 0 | S22: =R22*(1+$U$17+$U$18+$U$19) -> 0 | T22: =S22*(1+$U$17+$U$18+$U$19) -> 0 | U22: =T22*(1+$U$17+$U$18+$U$19) -> 0 | V22: =U22*(1+$U$17+$U$18+$U$19) -> 0 | X22: Adv Revenue | Y22: =(AB9*AB11*AB12)+(AB9*AB14*AB15) -> 0 | Z22: =Y22*(1+$AB$17+$AB$18+$AB$19) -> 0 | AA22: =Z22*(1+$AB$17+$AB$18+$AB$19) -> 0 | AB22: =AA22*(1+$AB$17+$AB$18+$AB$19) -> 0 | AC22: =AB22*(1+$AB$17+$AB$18+$AB$19) -> 0 | AE22: Adv Revenue | AF22: =(AI9*AI11*AI12)+(AI9*AI14*AI15) -> 0 | AG22: =AF22*(1+$AI$17+$AI$18+$AI$19) -> 0 | AH22: =AG22*(1+$AI$17+$AI$18+$AI$19) -> 0 | AI22: =AH22*(1+$AI$17+$AI$18+$AI$19) -> 0 | AJ22: =AI22*(1+$AI$17+$AI$18+$AI$19) -> 0
C26: Total Revenue from Advertising
D27: =IF('Set Up Your Model'!$Q$36="","Year 1",'Set Up Your Model'!$Q$36) -> 2025 | E27: =IF('Set Up Your Model'!$R$36="","Year 2",'Set Up Your Model'!$R$36) -> 2026 | F27: =IF('Set Up Your Model'!$S$36="","Year 3",'Set Up Your Model'!$S$36) -> 2027 | G27: =IF('Set Up Your Model'!$T$36="","Year 4",'Set Up Your Model'!$T$36) -> 2028 | H27: =IF('Set Up Your Model'!$U$36="","Year 5",'Set Up Your Model'!$U$36) -> 2029
C28: Revenue | D28: =D22+K22+R22+Y22+AF22 -> 0 | E28: =E22+L22+S22+Z22+AG22 -> 0 | F28: =F22+M22+T22+AA22+AH22 -> 0 | G28: =G22+N22+U22+AB22+AI22 -> 0 | H28: =H22+O22+V22+AC22+AJ22 -> 0

Sheet Sponsorship
C1: Sponsorship
C3: Choose # sponsorship opportunities (events, endorsements etc.) | H3: 5
A5: HELP | C5: Sponsorship Opportunity 1 | J5: Sponsorship Opportunity 2 | Q5: Sponsorship Opportunity 3 | X5: Sponsorship Opportunity 4 | AE5: Sponsorship Opportunity 5
C7: Name | J7: Name | Q7: Name | X7: Name | AE7: Name
C9: Number of sponsors | J9: Number of sponsors | Q9: Number of sponsors | X9: Number of sponsors | AE9: Number of sponsors
C10: Average sponsorship fees per sponsor | J10: Average sponsorship price per sponsor | Q10: Average sponsorship price per sponsor | X10: Average sponsorship price per sponsor | AE10: Average sponsorship price per sponsor
C11: Annual Growth: | J11: Annual Growth: | Q11: Annual Growth: | X11: Annual Growth: | AE11: Annual Growth:
C12: Inflation | J12: Inflation | Q12: Inflation | X12: Inflation | AE12: Inflation
D14: =IF('Set Up Your Model'!$Q$36="","Year 1",'Set Up Your Model'!$Q$36) -> 2025 | E14: =IF('Set Up Your Model'!$R$36="","Year 2",'Set Up Your Model'!$R$36) -> 2026 | F14: =IF('Set Up Your Model'!$S$36="","Year 3",'Set Up Your Model'!$S$36) -> 2027 | G14: =IF('Set Up Your Model'!$T$36="","Year 4",'Set Up Your Model'!$T$36) -> 2028 | H14: =IF('Set Up Your Model'!$U$36="","Year 5",'Set Up Your Model'!$U$36) -> 2029 | K14: =IF('Set Up Your Model'!$Q$36="","Year 1",'Set Up Your Model'!$Q$36) -> 2025 | L14: =IF('Set Up Your Model'!$R$36="","Year 2",'Set Up Your Model'!$R$36) -> 2026 | M14: =IF('Set Up Your Model'!$S$36="","Year 3",'Set Up Your Model'!$S$36) -> 2027 | N14: =IF('Set Up Your Model'!$T$36="","Year 4",'Set Up Your Model'!$T$36) -> 2028 | O14: =IF('Set Up Your Model'!$U$36="","Year 5",'Set Up Your Model'!$U$36) -> 2029 | R14: =IF('Set Up Your Model'!$Q$36="","Year 1",'Set Up Your Model'!$Q$36) -> 2025 | S14: =IF('Set Up Your Model'!$R$36="","Year 2",'Set Up Your Model'!$R$36) -> 2026 | T14: =IF('Set Up Your Model'!$S$36="","Year 3",'Set Up Your Model'!$S$36) -> 2027 | U14: =IF('Set Up Your Model'!$T$36="","Year 4",'Set Up Your Model'!$T$36) -> 2028 | V14: =IF('Set Up Your Model'!$U$36="","Year 5",'Set Up Your Model'!$U$36) -> 2029 | Y14: =IF('Set Up Your Model'!$Q$36="","Year 1",'Set Up Your Model'!$Q$36) -> 2025 | Z14: =IF('Set Up Your Model'!$R$36="","Year 2",'Set Up Your Model'!$R$36) -> 2026 | AA14: =IF('Set Up Your Model'!$S$36="","Year 3",'Set Up Your Model'!$S$36) -> 2027 | AB14: =IF('Set Up Your Model'!$T$36="","Year 4",'Set Up Your Model'!$T$36) -> 2028 | AC14: =IF('Set Up Your Model'!$U$36="","Year 5",'Set Up Your Model'!$U$36) -> 2029 | AF14: =IF('Set Up Your Model'!$Q$36="","Year 1",'Set Up Your Model'!$Q$36) -> 2025 | AG14: =IF('Set Up Your Model'!$R$36="","Year 2",'Set Up Your Model'!$R$36) -> 2026 | AH14: =IF('Set Up Your Model'!$S$36="","Year 3",'Set Up Your Model'!$S$36) -> 2027 | AI14: =IF('Set Up Your Model'!$T$36="","Year 4",'Set Up Your Model'!$T$36) -> 2028 | AJ14: =IF('Set Up Your Model'!$U$36="","Year 5",'Set Up Your Model'!$U$36) -> 2029
C15: Your Revenue | D15: =G9*G10 -> 0 | E15: =D15*(1+$G$12) -> 0 | F15: =E15*(1+$G$12) -> 0 | G15: =F15*(1+$G$12) -> 0 | H15: =G15*(1+$G$12) -> 0 | J15: Your Revenue | K15: =N9*N10 -> 0 | L15: =K15*(1+$N$12) -> 0 | M15: =L15*(1+$N$12) -> 0 | N15: =M15*(1+$N$12) -> 0 | O15: =N15*(1+$N$12) -> 0 | Q15: Your Revenue | R15: =U9*U10 -> 0 | S15: =R15*(1+$U$12) -> 0 | T15: =S15*(1+$U$12) -> 0 | U15: =T15*(1+$U$12) -> 0 | V15: =U15*(1+$U$12) -> 0 | X15: Your Revenue | Y15: =AB9*AB10 -> 0 | Z15: =Y15*(1+$AB$12) -> 0 | AA15: =Z15*(1+$AB$12) -> 0 | AB15: =AA15*(1+$AB$12) -> 0 | AC15: =AB15*(1+$AB$12) -> 0 | AE15: Your Revenue | AF15: =AI9*AI10 -> 0 | AG15: =AF15*(1+$AI$12) -> 0 | AH15: =AG15*(1+$AI$12) -> 0 | AI15: =AH15*(1+$AI$12) -> 0 | AJ15: =AI15*(1+$AI$12) -> 0
C19: % Increase in sponsorship events annually | G19: 0.1
C21: Total Revenue from Sponsorship
D22: =IF('Set Up Your Model'!$Q$36="","Year 1",'Set Up Your Model'!$Q$36) -> 2025 | E22: =IF('Set Up Your Model'!$R$36="","Year 2",'Set Up Your Model'!$R$36) -> 2026 | F22: =IF('Set Up Your Model'!$S$36="","Year 3",'Set Up Your Model'!$S$36) -> 2027 | G22: =IF('Set Up Your Model'!$T$36="","Year 4",'Set Up Your Model'!$T$36) -> 2028 | H22: =IF('Set Up Your Model'!$U$36="","Year 5",'Set Up Your Model'!$U$36) -> 2029
C23: Revenue | D23: =D15+K15+R15+Y15+AF15 -> 0 | E23: =(E15+L15+S15+Z15+AG15)*(1+$F$19) -> 0 | F23: =(F15+M15+T15+AA15+AH15)*(1+$F$19) -> 0 | G23: =(G15+N15+U15+AB15+AI15)*(1+$F$19) -> 0 | H23: =(H15+O15+V15+AC15+AJ15)*(1+$F$19) -> 0

Sheet Commissions
C1: Commissions
C3: Choose # products / services with Commission model (max 5) | H3: 5
A5: HELP | C5: Product / Service 1 | J5: Product / Service 2 | Q5: Product / Service 3 | X5: Product / Service 4 | AE5: Product / Service 5
C7: Name | J7: Name | Q7: Name | X7: Name | AE7: Name
C9: Average number of sales per month | J9: Average number of sales per month | Q9: Average number of sales per month | X9: Average number of sales per month | AE9: Average number of sales per month
C10: Calculate average sales price | J10: Calculate average sales price | Q10: Calculate average sales price | X10: Calculate average sales price | AE10: Calculate average sales price
C11: Commission rate | J11: Commission rate | Q11: Commission rate | X11: Commission rate | AE11: Commission rate
C12: Annual Growth: | J12: Annual Growth: | Q12: Annual Growth: | X12: Annual Growth: | AE12: Annual Growth:
C13: Market growth rate % | J13: Market growth rate % | Q13: Market growth rate % | X13: Market growth rate % | AE13: Market growth rate %
D15: =IF('Set Up Your Model'!$Q$36="","Year 1",'Set Up Your Model'!$Q$36) -> 2025 | E15: =IF('Set Up Your Model'!$R$36="","Year 2",'Set Up Your Model'!$R$36) -> 2026 | F15: =IF('Set Up Your Model'!$S$36="","Year 3",'Set Up Your Model'!$S$36) -> 2027 | G15: =IF('Set Up Your Model'!$T$36="","Year 4",'Set Up Your Model'!$T$36) -> 2028 | H15: =IF('Set Up Your Model'!$U$36="","Year 5",'Set Up Your Model'!$U$36) -> 2029 | K15: =IF('Set Up Your Model'!$Q$36="","Year 1",'Set Up Your Model'!$Q$36) -> 2025 | L15: =IF('Set Up Your Model'!$R$36="","Year 2",'Set Up Your Model'!$R$36) -> 2026 | M15: =IF('Set Up Your Model'!$S$36="","Year 3",'Set Up Your Model'!$S$36) -> 2027 | N15: =IF('Set Up Your Model'!$T$36="","Year 4",'Set Up Your Model'!$T$36) -> 2028 | O15: =IF('Set Up Your Model'!$U$36="","Year 5",'Set Up Your Model'!$U$36) -> 2029 | R15: =IF('Set Up Your Model'!$Q$36="","Year 1",'Set Up Your Model'!$Q$36) -> 2025 | S15: =IF('Set Up Your Model'!$R$36="","Year 2",'Set Up Your Model'!$R$36) -> 2026 | T15: =IF('Set Up Your Model'!$S$36="","Year 3",'Set Up Your Model'!$S$36) -> 2027 | U15: =IF('Set Up Your Model'!$T$36="","Year 4",'Set Up Your Model'!$T$36) -> 2028 | V15: =IF('Set Up Your Model'!$U$36="","Year 5",'Set Up Your Model'!$U$36) -> 2029 | Y15: =IF('Set Up Your Model'!$Q$36="","Year 1",'Set Up Your Model'!$Q$36) -> 2025 | Z15: =IF('Set Up Your Model'!$R$36="","Year 2",'Set Up Your Model'!$R$36) -> 2026 | AA15: =IF('Set Up Your Model'!$S$36="","Year 3",'Set Up Your Model'!$S$36) -> 2027 | AB15: =IF('Set Up Your Model'!$T$36="","Year 4",'Set Up Your Model'!$T$36) -> 2028 | AC15: =IF('Set Up Your Model'!$U$36="","Year 5",'Set Up Your Model'!$U$36) -> 2029 | AF15: =IF('Set Up Your Model'!$Q$36="","Year 1",'Set Up Your Model'!$Q$36) -> 2025 | AG15: =IF('Set Up Your Model'!$R$36="","Year 2",'Set Up Your Model'!$R$36) -> 2026 | AH15: =IF('Set Up Your Model'!$S$36="","Year 3",'Set Up Your Model'!$S$36) -> 2027 | AI15: =IF('Set Up Your Model'!$T$36="","Year 4",'Set Up Your Model'!$T$36) -> 2028 | AJ15: =IF('Set Up Your Model'!$U$36="","Year 5",'Set Up Your Model'!$U$36) -> 2029
C16: Your Revenue | D16: =G9*G10*G11*12 -> 0 | E16: =D16*(1+$G$13) -> 0 | F16: =E16*(1+$G$13) -> 0 | G16: =F16*(1+$G$13) -> 0 | H16: =G16*(1+$G$13) -> 0 | J16: Your Revenue | K16: =N9*N10*N11*12 -> 0 | L16: =K16*(1+$N$13) -> 0 | M16: =L16*(1+$N$13) -> 0 | N16: =M16*(1+$N$13) -> 0 | O16: =N16*(1+$N$13) -> 0 | Q16: Your Revenue | R16: =U9*U10*U11*12 -> 0 | S16: =R16*(1+$U$13) -> 0 | T16: =S16*(1+$U$13) -> 0 | U16: =T16*(1+$U$13) -> 0 | V16: =U16*(1+$U$13) -> 0 | X16: Your Revenue | Y16: =AB9*AB10*AB11*12 -> 0 | Z16: =Y16*(1+$AB$13) -> 0 | AA16: =Z16*(1+$AB$13) -> 0 | AB16: =AA16*(1+$AB$13) -> 0 | AC16: =AB16*(1+$AB$13) -> 0 | AE16: Your Revenue | AF16: =AI9*AI10*AI11*12 -> 0 | AG16: =AF16*(1+$AI$13) -> 0 | AH16: =AG16*(1+$AI$13) -> 0 | AI16: =AH16*(1+$AI$13) -> 0 | AJ16: =AI16*(1+$AI$13) -> 0
C20: Total Revenue from Commissions
D21: =IF('Set Up Your Model'!$Q$36="","Year 1",'Set Up Your Model'!$Q$36) -> 2025 | E21: =IF('Set Up Your Model'!$R$36="","Year 2",'Set Up Your Model'!$R$36) -> 2026 | F21: =IF('Set Up Your Model'!$S$36="","Year 3",'Set Up Your Model'!$S$36) -> 2027 | G21: =IF('Set Up Your Model'!$T$36="","Year 4",'Set Up Your Model'!$T$36) -> 2028 | H21: =IF('Set Up Your Model'!$U$36="","Year 5",'Set Up Your Model'!$U$36) -> 2029
C22: Revenue | D22: =D16+K16+R16+Y16+AF16 -> 0 | E22: =E16+L16+S16+Z16+AG16 -> 0 | F22: =F16+M16+T16+AA16+AH16 -> 0 | G22: =G16+N16+U16+AB16+AI16 -> 0 | H22: =H16+O16+V16+AC16+AJ16 -> 0

Sheet Freemium Model
C1: Freemium Model
C3: Choose # products with Freemium model (max 5) | H3: 5
A5: HELP | C5: Freemium Product / Service 1 | J5: Freemium Product / Service 2 | Q5: Freemium Product / Service 3 | X5: Freemium Product / Service 4 | AE5: Freemium Product / Service 5
C7: Name | J7: Name | Q7: Name | X7: Name | AE7: Name
C9: Total # of users expected in Year 1 | J9: Total # of users expected in Year 1 | Q9: Total # of users expected in Year 1 | X9: Total # of users expected in Year 1 | AE9: Total # of users expected in Year 1
C10: % of Paid users | J10: % of Paid users | Q10: % of Paid users | X10: % of Paid users | AE10: % of Paid users
C11: Average monthly revenue per premium user | J11: Average monthly revenue per premium user | Q11: Average monthly revenue per premium user | X11: Average monthly revenue per premium user | AE11: Average monthly revenue per premium user
C12: Annual Growth: | J12: Annual Growth: | Q12: Annual Growth: | X12: Annual Growth: | AE12: Annual Growth:
C13: User acquisition rate (industry average) | J13: User acquisition rate (industry average) | Q13: User acquisition rate (industry average) | X13: User acquisition rate (industry average) | AE13: User acquisition rate (industry average)
C14: % improvement in free-to-paid conversion | J14: % improvement in free-to-paid conversion | Q14: % improvement in free-to-paid conversion | X14: % improvement in free-to-paid conversion | AE14: % improvement in free-to-paid conversion
C15: User churn rate (industry average) | J15: User churn rate (industry average) | Q15: User churn rate (industry average) | X15: User churn rate (industry average) | AE15: User churn rate (industry average)
D17: =IF('Set Up Your Model'!$Q$36="","Year 1",'Set Up Your Model'!$Q$36) -> 2025 | E17: =IF('Set Up Your Model'!$R$36="","Year 2",'Set Up Your Model'!$R$36) -> 2026 | F17: =IF('Set Up Your Model'!$S$36="","Year 3",'Set Up Your Model'!$S$36) -> 2027 | G17: =IF('Set Up Your Model'!$T$36="","Year 4",'Set Up Your Model'!$T$36) -> 2028 | H17: =IF('Set Up Your Model'!$U$36="","Year 5",'Set Up Your Model'!$U$36) -> 2029 | K17: =IF('Set Up Your Model'!$Q$36="","Year 1",'Set Up Your Model'!$Q$36) -> 2025 | L17: =IF('Set Up Your Model'!$R$36="","Year 2",'Set Up Your Model'!$R$36) -> 2026 | M17: =IF('Set Up Your Model'!$S$36="","Year 3",'Set Up Your Model'!$S$36) -> 2027 | N17: =IF('Set Up Your Model'!$T$36="","Year 4",'Set Up Your Model'!$T$36) -> 2028 | O17: =IF('Set Up Your Model'!$U$36="","Year 5",'Set Up Your Model'!$U$36) -> 2029 | R17: =IF('Set Up Your Model'!$Q$36="","Year 1",'Set Up Your Model'!$Q$36) -> 2025 | S17: =IF('Set Up Your Model'!$R$36="","Year 2",'Set Up Your Model'!$R$36) -> 2026 | T17: =IF('Set Up Your Model'!$S$36="","Year 3",'Set Up Your Model'!$S$36) -> 2027 | U17: =IF('Set Up Your Model'!$T$36="","Year 4",'Set Up Your Model'!$T$36) -> 2028 | V17: =IF('Set Up Your Model'!$U$36="","Year 5",'Set Up Your Model'!$U$36) -> 2029 | Y17: =IF('Set Up Your Model'!$Q$36="","Year 1",'Set Up Your Model'!$Q$36) -> 2025 | Z17: =IF('Set Up Your Model'!$R$36="","Year 2",'Set Up Your Model'!$R$36) -> 2026 | AA17: =IF('Set Up Your Model'!$S$36="","Year 3",'Set Up Your Model'!$S$36) -> 2027 | AB17: =IF('Set Up Your Model'!$T$36="","Year 4",'Set Up Your Model'!$T$36) -> 2028 | AC17: =IF('Set Up Your Model'!$U$36="","Year 5",'Set Up Your Model'!$U$36) -> 2029 | AF17: =IF('Set Up Your Model'!$Q$36="","Year 1",'Set Up Your Model'!$Q$36) -> 2025 | AG17: =IF('Set Up Your Model'!$R$36="","Year 2",'Set Up Your Model'!$R$36) -> 2026 | AH17: =IF('Set Up Your Model'!$S$36="","Year 3",'Set Up Your Model'!$S$36) -> 2027 | AI17: =IF('Set Up Your Model'!$T$36="","Year 4",'Set Up Your Model'!$T$36) -> 2028 | AJ17: =IF('Set Up Your Model'!$U$36="","Year 5",'Set Up Your Model'!$U$36) -> 2029
C18: Your Revenue | D18: =G9*G10*G11*12 -> 0 | E18: =D18*(1+($G$13-$G$15))*(1+$G$14) -> 0 | F18: =E18*(1+($G$13-$G$15))*(1+$G$14) -> 0 | G18: =F18*(1+($G$13-$G$15))*(1+$G$14) -> 0 | H18: =G18*(1+($G$13-$G$15))*(1+$G$14) -> 0 | J18: Your Revenue | K18: =N9*N10*N11*12 -> 0 | L18: =K18*(1+($N$13-$N$15))*(1+$N$14) -> 0 | M18: =L18*(1+($N$13-$N$15))*(1+$N$14) -> 0 | N18: =M18*(1+($N$13-$N$15))*(1+$N$14) -> 0 | O18: =N18*(1+($N$13-$N$15))*(1+$N$14) -> 0 | Q18: Your Revenue | R18: =U9*U10*U11*12 -> 0 | S18: =R18*(1+($U$13-$U$15))*(1+$U$14) -> 0 | T18: =S18*(1+($U$13-$U$15))*(1+$U$14) -> 0 | U18: =T18*(1+($U$13-$U$15))*(1+$U$14) -> 0 | V18: =U18*(1+($U$13-$U$15))*(1+$U$14) -> 0 | X18: Your Revenue | Y18: =AB9*AB10*AB11*12 -> 0 | Z18: =Y18*(1+($AB$13-$AB$15))*(1+$AB$14) -> 0 | AA18: =Z18*(1+($AB$13-$AB$15))*(1+$AB$14) -> 0 | AB18: =AA18*(1+($AB$13-$AB$15))*(1+$AB$14) -> 0 | AC18: =AB18*(1+($AB$13-$AB$15))*(1+$AB$14) -> 0 | AE18: Your Revenue | AF18: =AI9*AI10*AI11*12 -> 0 | AG18: =AF18*(1+($AI$13-$AI$15))*(1+$AI$14) -> 0 | AH18: =AG18*(1+($AI$13-$AI$15))*(1+$AI$14) -> 0 | AI18: =AH18*(1+($AI$13-$AI$15))*(1+$AI$14) -> 0 | AJ18: =AI18*(1+($AI$13-$AI$15))*(1+$AI$14) -> 0
C22: Total Revenue from Freemium model
D23: =IF('Set Up Your Model'!$Q$36="","Year 1",'Set Up Your Model'!$Q$36) -> 2025 | E23: =IF('Set Up Your Model'!$R$36="","Year 2",'Set Up Your Model'!$R$36) -> 2026 | F23: =IF('Set Up Your Model'!$S$36="","Year 3",'Set Up Your Model'!$S$36) -> 2027 | G23: =IF('Set Up Your Model'!$T$36="","Year 4",'Set Up Your Model'!$T$36) -> 2028 | H23: =IF('Set Up Your Model'!$U$36="","Year 5",'Set Up Your Model'!$U$36) -> 2029
C24: Revenue | D24: =D18+K18+R18+Y18+AF18 -> 0 | E24: =E18+L18+S18+Z18+AG18 -> 0 | F24: =F18+M18+T18+AA18+AH18 -> 0 | G24: =G18+N18+U18+AB18+AI18 -> 0 | H24: =H18+O18+V18+AC18+AJ18 -> 0

Sheet Other Revenue
C1: Other Revenue
C3: Add additional revenue sources manually using the table below:
AE4: Product/Service 5 | AL4: Product/Service 6 | AS4: Product/Service 7 | AZ4: Product/Service 8 | BG4: Product/Service 9 | BN4: Product/Service 10
A5: HELP | C5: Elements | D5: =IF('Set Up Your Model'!$Q$36="","Year 1",'Set Up Your Model'!$Q$36) -> 2025 | E5: =IF('Set Up Your Model'!$R$36="","Year 2",'Set Up Your Model'!$R$36) -> 2026 | F5: =IF('Set Up Your Model'!$S$36="","Year 3",'Set Up Your Model'!$S$36) -> 2027 | G5: =IF('Set Up Your Model'!$T$36="","Year 4",'Set Up Your Model'!$T$36) -> 2028 | H5: =IF('Set Up Your Model'!$U$36="","Year 5",'Set Up Your Model'!$U$36) -> 2029
C6: Other Revenue Source 1 | AE6: Name | AL6: Name | AS6: Name | AZ6: Name | BG6: Name | BN6: Name
C7: Other Revenue Source 2
C8: Other Revenue Source 3 | AE8: Total Number of Target Customers | AL8: Total Number of Target Customers | AS8: Total Number of Target Customers | AZ8: Total Number of Target Customers | BG8: Total Number of Target Customers | BN8: Total Number of Target Customers
C9: Other Revenue Source 4 | AE9: Market Growth % | AL9: Market Growth % | AS9: Market Growth % | AZ9: Market Growth % | BG9: Market Growth % | BN9: Market Growth %
C10: Other Revenue Source 5 | AE10: % Customers Captured in Year 1 | AL10: % Customers Captured in Year 1 | AS10: % Customers Captured in Year 1 | AZ10: % Customers Captured in Year 1 | BG10: % Customers Captured in Year 1 | BN10: % Customers Captured in Year 1
C11: Other Revenue Source 6 | AE11: Projected Revenue Growth for your company % | AL11: Projected Revenue Growth for your company % | AS11: Projected Revenue Growth for your company % | AZ11: Projected Revenue Growth for your company % | BG11: Projected Revenue Growth for your company % | BN11: Projected Revenue Growth for your company %
C12: Other Revenue Source 7 | AE12: Avg. Price for Market | AL12: Avg. Price for Market | AS12: Avg. Price for Market | AZ12: Avg. Price for Market | BG12: Avg. Price for Market | BN12: Avg. Price for Market
C13: Other Revenue Source 8 | AE13: # of Product / Service per Customer for Market | AL13: # of Product / Service per Customer for Market | AS13: # of Product / Service per Customer for Market | AZ13: # of Product / Service per Customer for Market | BG13: # of Product / Service per Customer for Market | BN13: # of Product / Service per Customer for Market
C14: Other Revenue Source 9 | AE14: Avg. Price for your Company | AL14: Avg. Price for your Company | AS14: Avg. Price for your Company | AZ14: Avg. Price for your Company | BG14: Avg. Price for your Company | BN14: Avg. Price for your Company
C15: Other Revenue Source 10 | AE15: # of Product / Service per Customer for your Company | AL15: # of Product / Service per Customer for your Company | AS15: # of Product / Service per Customer for your Company | AZ15: # of Product / Service per Customer for your Company | BG15: # of Product / Service per Customer for your Company | BN15: # of Product / Service per Customer for your Company
C16: Other Revenue Source 11
C17: Other Revenue Source 12 | AF17: Year 1 | AG17: Year 2 | AH17: Year 3 | AI17: Year 4 | AJ17: Year 5 | AM17: Year 1 | AN17: Year 2 | AO17: Year 3 | AP17: Year 4 | AQ17: Year 5 | AT17: Year 1 | AU17: Year 2 | AV17: Year 3 | AW17: Year 4 | AX17: Year 5 | BA17: Year 1 | BB17: Year 2 | BC17: Year 3 | BD17: Year 4 | BE17: Year 5 | BH17: Year 1 | BI17: Year 2 | BJ17: Year 3 | BK17: Year 4 | BL17: Year 5 | BO17: Year 1 | BP17: Year 2 | BQ17: Year 3 | BR17: Year 4 | BS17: Year 5
C18: TOTAL | D18: =SUM(D6:D17) -> 0 | E18: =SUM(E6:E17) -> 0 | F18: =SUM(F6:F17) -> 0 | G18: =SUM(G6:G17) -> 0 | H18: =SUM(H6:H17) -> 0 | AE18: Market Size | AF18: =AI8*AI12*AI13 -> 0 | AG18: =AF18*(1+$G$9) -> 0 | AH18: =AG18*(1+$G$9) -> 0 | AI18: =AH18*(1+$G$9) -> 0 | AJ18: =AI18*(1+$G$9) -> 0 | AL18: Market Size | AM18: =AP8*AP12*AP13 -> 0 | AN18: =AM18*(1+$G$9) -> 0 | AO18: =AN18*(1+$G$9) -> 0 | AP18: =AO18*(1+$G$9) -> 0 | AQ18: =AP18*(1+$G$9) -> 0 | AS18: Market Size | AT18: =AW8*AW12*AW13 -> 0 | AU18: =AT18*(1+$G$9) -> 0 | AV18: =AU18*(1+$G$9) -> 0 | AW18: =AV18*(1+$G$9) -> 0 | AX18: =AW18*(1+$G$9) -> 0 | AZ18: Market Size | BA18: =BD8*BD12*BD13 -> 0 | BB18: =BA18*(1+$G$9) -> 0 | BC18: =BB18*(1+$G$9) -> 0 | BD18: =BC18*(1+$G$9) -> 0 | BE18: =BD18*(1+$G$9) -> 0 | BG18: Market Size | BH18: =BK8*BK12*BK13 -> 0 | BI18: =BH18*(1+$G$9) -> 0 | BJ18: =BI18*(1+$G$9) -> 0 | BK18: =BJ18*(1+$G$9) -> 0 | BL18: =BK18*(1+$G$9) -> 0 | BN18: Market Size | BO18: =BR8*BR12*BR13 -> 0 | BP18: =BO18*(1+$G$9) -> 0 | BQ18: =BP18*(1+$G$9) -> 0 | BR18: =BQ18*(1+$G$9) -> 0 | BS18: =BR18*(1+$G$9) -> 0
AE19: Your Revenue | AF19: =AI8*AI10*AI14*AI15 -> 0 | AG19: =AF19*(1+$G$11) -> 0 | AH19: =AG19*(1+$G$11) -> 0 | AI19: =AH19*(1+$G$11) -> 0 | AJ19: =AI19*(1+$G$11) -> 0 | AL19: Your Revenue | AM19: =AP8*AP10*AP14*AP15 -> 0 | AN19: =AM19*(1+$G$11) -> 0 | AO19: =AN19*(1+$G$11) -> 0 | AP19: =AO19*(1+$G$11) -> 0 | AQ19: =AP19*(1+$G$11) -> 0 | AS19: Your Revenue | AT19: =AW8*AW10*AW14*AW15 -> 0 | AU19: =AT19*(1+$G$11) -> 0 | AV19: =AU19*(1+$G$11) -> 0 | AW19: =AV19*(1+$G$11) -> 0 | AX19: =AW19*(1+$G$11) -> 0 | AZ19: Your Revenue | BA19: =BD8*BD10*BD14*BD15 -> 0 | BB19: =BA19*(1+$G$11) -> 0 | BC19: =BB19*(1+$G$11) -> 0 | BD19: =BC19*(1+$G$11) -> 0 | BE19: =BD19*(1+$G$11) -> 0 | BG19: Your Revenue | BH19: =BK8*BK10*BK14*BK15 -> 0 | BI19: =BH19*(1+$G$11) -> 0 | BJ19: =BI19*(1+$G$11) -> 0 | BK19: =BJ19*(1+$G$11) -> 0 | BL19: =BK19*(1+$G$11) -> 0 | BN19: Your Revenue | BO19: =BR8*BR10*BR14*BR15 -> 0 | BP19: =BO19*(1+$G$11) -> 0 | BQ19: =BP19*(1+$G$11) -> 0 | BR19: =BQ19*(1+$G$11) -> 0 | BS19: =BR19*(1+$G$11) -> 0
C22: Other Revenue Total
D23: =IF('Set Up Your Model'!$Q$36="","Year 1",'Set Up Your Model'!$Q$36) -> 2025 | E23: =IF('Set Up Your Model'!$R$36="","Year 2",'Set Up Your Model'!$R$36) -> 2026 | F23: =IF('Set Up Your Model'!$S$36="","Year 3",'Set Up Your Model'!$S$36) -> 2027 | G23: =IF('Set Up Your Model'!$T$36="","Year 4",'Set Up Your Model'!$T$36) -> 2028 | H23: =IF('Set Up Your Model'!$U$36="","Year 5",'Set Up Your Model'!$U$36) -> 2029
C24: Revenue | D24: =D18 -> 0 | E24: =E18 -> 0 | F24: =F18 -> 0 | G24: =G18 -> 0 | H24: =H18 -> 0

Sheet Cost of Goods Sold
C1: Cost of Goods Sold
A5: HELP | C5: Direct Materials | J5: =K23 -> 0 | M5: Direct Labor | O5: =P23 -> 0 | R5: Overheads | S5: =S23 -> 0 | U5: Contract Manufacturer Fees | Z5: =AA23 -> 0
A6: Direct labor growth represents the increase in costs of direct labor year on year. This should account for increase in wages and increase in labor count. Try to manage this to be around the growth in revenue % to keep costs under control.
C7: Elements | D7: Cost Method | E7: Unit of Measurement | F7: # of Units | G7: Per Unit Cost | H7: Freight-In Per Unit | I7: Total Cost (unit method) | J7: Lumpsum Cost | K7: Total Cost | M7: Type of Labor | N7: Avg. Salary per Annum | O7: # Required | P7: Total Cost | R7: Overhead Element | S7: Cost | U7: Elements | V7: Cost Method | W7: # of Units | X7: Per Unit Cost | Y7: Total Cost (unit method) | Z7: Lumpsum Cost | AA7: Total Cost
C8: Element 1 Name | I8: =IF(D8="","",F8*(G8+H8)) | K8: =IF(D8="","",IF(D8="Per Unit",I8,J8)) | M8: Assembly Line Workers | P8: =N8*O8 -> 0 | R8: Factory Rent | U8: Direct Materials | Y8: =W8*X8 -> 0 | AA8: =IF(V8="Per Unit",Y8,Z8) -> 0
C9: Element 2 Name | I9: =IF(D9="","",F9*(G9+H9)) | K9: =IF(D9="","",IF(D9="Per Unit",I9,J9)) | M9: Technicians | P9: =N9*O9 -> 0 | R9: Utilities | U9: Direct Labor | Y9: =W9*X9 -> 0 | AA9: =IF(V9="Per Unit",Y9,Z9) -> 0
C10: Element 3 Name | I10: =IF(D10="","",F10*(G10+H10)) | K10: =IF(D10="","",IF(D10="Per Unit",I10,J10)) | M10: Supervisors | P10: =N10*O10 -> 0 | R10: Maintenance | U10: Overheads | Y10: =W10*X10 -> 0 | AA10: =IF(V10="Per Unit",Y10,Z10) -> 0
C11: Element 4 Name | I11: =IF(D11="","",F11*(G11+H11)) | K11: =IF(D11="","",IF(D11="Per Unit",I11,J11)) | M11: Factory Managers | P11: =N11*O11 -> 0 | R11: Storage | U11: Additional Element 1 | Y11: =W11*X11 -> 0 | AA11: =IF(V11="Per Unit",Y11,Z11) -> 0
C12: Element 5 Name | I12: =IF(D12="","",F12*(G12+H12)) | K12: =IF(D12="","",IF(D12="Per Unit",I12,J12)) | M12: Additional Element 1 | P12: =N12*O12 -> 0 | R12: Spoilage / Wastage | U12: Additional Element 2 | Y12: =W12*X12 -> 0 | AA12: =IF(V12="Per Unit",Y12,Z12) -> 0
C13: Element 6 Name | I13: =IF(D13="","",F13*(G13+H13)) | K13: =IF(D13="","",IF(D13="Per Unit",I13,J13)) | M13: Additional Element 2 | P13: =N13*O13 -> 0 | R13: Depreciation of Mfg Equipment | U13: Additional Element 3 | Y13: =W13*X13 -> 0 | AA13: =IF(V13="Per Unit",Y13,Z13) -> 0
C14: Element 7 Name | I14: =IF(D14="","",F14*(G14+H14)) | K14: =IF(D14="","",IF(D14="Per Unit",I14,J14)) | M14: Additional Element 3 | P14: =N14*O14 -> 0 | R14: Insurance | U14: Additional Element 4 | Y14: =W14*X14 -> 0 | AA14: =IF(V14="Per Unit",Y14,Z14) -> 0
C15: Element 8 Name | I15: =IF(D15="","",F15*(G15+H15)) | K15: =IF(D15="","",IF(D15="Per Unit",I15,J15)) | M15: Additional Element 4 | P15: =N15*O15 -> 0 | R15: Additional Element 1 | U15: Additional Element 5 | Y15: =W15*X15 -> 0 | AA15: =IF(V15="Per Unit",Y15,Z15) -> 0
C16: Element 9 Name | I16: =IF(D16="","",F16*(G16+H16)) | K16: =IF(D16="","",IF(D16="Per Unit",I16,J16)) | M16: Additional Element 5 | P16: =N16*O16 -> 0 | R16: Additional Element 2 | U16: Additional Element 6 | Y16: =W16*X16 -> 0 | AA16: =IF(V16="Per Unit",Y16,Z16) -> 0
C17: Element 10 Name | I17: =IF(D17="","",F17*(G17+H17)) | K17: =IF(D17="","",IF(D17="Per Unit",I17,J17)) | M17: Additional Element 6 | P17: =N17*O17 -> 0 | R17: Additional Element 3 | U17: Additional Element 7 | Y17: =W17*X17 -> 0 | AA17: =IF(V17="Per Unit",Y17,Z17) -> 0
C18: Element 11 Name | I18: =IF(D18="","",F18*(G18+H18)) | K18: =IF(D18="","",IF(D18="Per Unit",I18,J18)) | M18: Additional Element 7 | P18: =N18*O18 -> 0 | R18: Additional Element 4 | U18: Additional Element 8 | Y18: =W18*X18 -> 0 | AA18: =IF(V18="Per Unit",Y18,Z18) -> 0
C19: Element 12 Name | I19: =IF(D19="","",F19*(G19+H19)) | K19: =IF(D19="","",IF(D19="Per Unit",I19,J19)) | M19: Additional Element 8 | P19: =N19*O19 -> 0 | R19: Additional Element 5 | U19: Additional Element 9 | Y19: =W19*X19 -> 0 | AA19: =IF(V19="Per Unit",Y19,Z19) -> 0
... C22: Element 15 Name | I22: =IF(D22="","",F22*(G22+H22)) | K22: =IF(D22="","",IF(D22="Per Unit",I22,J22)) | M22: Additional Element 11 | P22: =N22*O22 -> 0 | R22: Additional Element 8 | U22: Additional Element 12 | Y22: =W22*X22 -> 0 | AA22: =IF(V22="Per Unit",Y22,Z22) -> 0
C23: TOTAL | K23: =SUM(K8:K22) -> 0 | M23: TOTAL | P23: =SUM(P8:P22) -> 0 | R23: TOTAL | S23: =SUM(S8:S22) -> 0 | U23: TOTAL | AA23: =SUM(AA8:AA22) -> 0
C25: Direct Materials Growth % | M25: Direct Labor Growth % | R25: Overhead Growth % | U25: Contract Manufacturer Fees Growth %
C29: Total COGS
D30: =IF('Set Up Your Model'!$Q$36="","Year 1",'Set Up Your Model'!$Q$36) -> 2025 | E30: =IF('Set Up Your Model'!$R$36="","Year 2",'Set Up Your Model'!$R$36) -> 2026 | F30: =IF('Set Up Your Model'!$S$36="","Year 3",'Set Up Your Model'!$S$36) -> 2027 | G30: =IF('Set Up Your Model'!$T$36="","Year 4",'Set Up Your Model'!$T$36) -> 2028 | H30: =IF('Set Up Your Model'!$U$36="","Year 5",'Set Up Your Model'!$U$36) -> 2029
C31: Direct Materials | D31: =K23 -> 0 | E31: =D31*(1+$D$25) -> 0 | F31: =E31*(1+$D$25) -> 0 | G31: =F31*(1+$D$25) -> 0 | H31: =G31*(1+$D$25) -> 0
C32: Direct Labor | D32: =P23 -> 0 | E32: =D32*(1+$N$25) -> 0 | F32: =E32*(1+$N$25) -> 0 | G32: =F32*(1+$N$25) -> 0 | H32: =G32*(1+$N$25) -> 0
C33: Overheads | D33: =S23 -> 0 | E33: =D33*(1+$S$25) -> 0 | F33: =E33*(1+$S$25) -> 0 | G33: =F33*(1+$S$25) -> 0 | H33: =G33*(1+$S$25) -> 0
C34: Contract Manufacturer Fees | D34: =AA23 -> 0 | E34: =D34*(1+$V$25) -> 0 | F34: =E34*(1+$V$25) -> 0 | G34: =F34*(1+$V$25) -> 0 | H34: =G34*(1+$V$25) -> 0
C35: Total COGS | D35: =SUM(D31:D34) -> 0 | E35: =SUM(E31:E34) -> 0 | F35: =SUM(F31:F34) -> 0 | G35: =SUM(G31:G34) -> 0 | H35: =SUM(H31:H34) -> 0

Sheet R&D
C1: Research & Development Costs
A5: HELP | C5: R&D Cost | D5: =D20 -> 0
A6: List all the recurring R&D costs mentioned in the table below. Use the ones that are applicable to your business and add any additional cost (if applicable) in the highlighted cells.
C7: R&D Cost Elements | D7: Cost
C8: Personnel Cost
C9: Equipment & Materials Costs
C10: Facility Costs
C11: Intellectual Property Costs
C12: Software & Technology Costs
C13: Travel and Conferences Costs
C14: Administrative Costs
C15: Regulatory Costs
C16: Cost Element 9
C17: Cost Element 10
C18: Cost Element 11
C19: Cost Element 12
C20: TOTAL | D20: =SUM(D8:D19) -> 0
C24: Inflation %
C25: Total R&D Costs
D26: =IF('Set Up Your Model'!$Q$36="","Year 1",'Set Up Your Model'!$Q$36) -> 2025 | E26: =IF('Set Up Your Model'!$R$36="","Year 2",'Set Up Your Model'!$R$36) -> 2026 | F26: =IF('Set Up Your Model'!$S$36="","Year 3",'Set Up Your Model'!$S$36) -> 2027 | G26: =IF('Set Up Your Model'!$T$36="","Year 4",'Set Up Your Model'!$T$36) -> 2028 | H26: =IF('Set Up Your Model'!$U$36="","Year 5",'Set Up Your Model'!$U$36) -> 2029
C27: Total R&D Costs | D27: =D20 -> 0 | E27: =D27*(1+$D$24) -> 0 | F27: =E27*(1+$D$24) -> 0 | G27: =F27*(1+$D$24) -> 0 | H27: =G27*(1+$D$24) -> 0

Sheet G&A
C1: General & Administrative Costs
A5: HELP | C5: G&A Cost | D5: =D20 -> 0
A6: General & administrative costs are the overhead expenses incurred to run a business, excluding those directly related to production or sales. List all the General & Administrative (G&A) costs mentioned in the table below. Use the ones that are applicable to your business and add any additional cost (if applicable) in the highlighted cells.
C7: Elements | D7: Cost
C8: Rent
C9: Telephone and Internet Expenses
C10: Repair & Maintenance
C11: Travel Expenses
C12: Salaries
C13: Utilities
C14: Insurance
C15: Cost Element 8
C16: Cost Element 9
C17: Cost Element 10
C18: Cost Element 11
C19: Cost Element 12
C20: TOTAL | D20: =SUM(D8:D19) -> 0
C24: Inflation %
C26: Total SG&A Costs
D27: =IF('Set Up Your Model'!$Q$36="","Year 1",'Set Up Your Model'!$Q$36) -> 2025 | E27: =IF('Set Up Your Model'!$R$36="","Year 2",'Set Up Your Model'!$R$36) -> 2026 | F27: =IF('Set Up Your Model'!$S$36="","Year 3",'Set Up Your Model'!$S$36) -> 2027 | G27: =IF('Set Up Your Model'!$T$36="","Year 4",'Set Up Your Model'!$T$36) -> 2028 | H27: =IF('Set Up Your Model'!$U$36="","Year 5",'Set Up Your Model'!$U$36) -> 2029
C28: Total SG&A Costs | D28: =D20 -> 0 | E28: =D28*(1+$D$24) -> 0 | F28: =E28*(1+$D$24) -> 0 | G28: =F28*(1+$D$24) -> 0 | H28: =G28*(1+$D$24) -> 0

Sheet Selling & Distribution
C1: Selling & Distribution Costs
A5: HELP | C5: Selling & Distribution Costs
A6: Selling & distribution costs are expenses incurred to promote, market, and deliver products or services to customers. List all the Selling & Distribution costs mentioned in the table below. Use the ones that are applicable to your business and add any additional cost (if applicable) in the highlighted cells.
C7: Elements | D7: =IF('Set Up Your Model'!$Q$36="","Year 1",'Set Up Your Model'!$Q$36) -> 2025 | E7: =IF('Set Up Your Model'!$R$36="","Year 2",'Set Up Your Model'!$R$36) -> 2026 | F7: =IF('Set Up Your Model'!$S$36="","Year 3",'Set Up Your Model'!$S$36) -> 2027 | G7: =IF('Set Up Your Model'!$T$36="","Year 4",'Set Up Your Model'!$T$36) -> 2028 | H7: =IF('Set Up Your Model'!$U$36="","Year 5",'Set Up Your Model'!$U$36) -> 2029
C8: Sales Bonus and Commissions
C9: Shipping & Logistics
C10: Customer Service
C11: Online Platform / Marketplace fees
C12: Advertising Costs
C13: Public Relations
C14: Sales Promotions
C15: Marketing Campaign Cost
C16: Cost 9 Name
C17: Cost 10 Name
C18: Cost 11 Name
C19: Cost 12 Name
C20: TOTAL | D20: =SUM(D8:D19) -> 0 | E20: =SUM(E8:E19) -> 0 | F20: =SUM(F8:F19) -> 0 | G20: =SUM(G8:G19) -> 0 | H20: =SUM(H8:H19) -> 0
C24: Total Selling & Distribution Costs
D25: =IF('Set Up Your Model'!$Q$36="","Year 1",'Set Up Your Model'!$Q$36) -> 2025 | E25: =IF('Set Up Your Model'!$R$36="","Year 2",'Set Up Your Model'!$R$36) -> 2026 | F25: =IF('Set Up Your Model'!$S$36="","Year 3",'Set Up Your Model'!$S$36) -> 2027 | G25: =IF('Set Up Your Model'!$T$36="","Year 4",'Set Up Your Model'!$T$36) -> 2028 | H25: =IF('Set Up Your Model'!$U$36="","Year 5",'Set Up Your Model'!$U$36) -> 2029
C26: Total Selling & Distribution Costs | D26: =D20 -> 0 | E26: =E20 -> 0 | F26: =F20 -> 0 | G26: =G20 -> 0 | H26: =H20 -> 0

Sheet Other OPEX
C1: Other Operating Expenses
C4: Other Operating Expenses
A5: HELP | AE5: Product/Service 5 | AL5: Product/Service 6 | AS5: Product/Service 7 | AZ5: Product/Service 8 | BG5: Product/Service 9 | BN5: Product/Service 10
A6: Add any additional operating expenses not covered under other heads such as bank charges, professional fees, royalty fees, etc. manually using the table below. | C6: Elements | D6: =IF('Set Up Your Model'!$Q$36="","Year 1",'Set Up Your Model'!$Q$36) -> 2025 | E6: =IF('Set Up Your Model'!$R$36="","Year 2",'Set Up Your Model'!$R$36) -> 2026 | F6: =IF('Set Up Your Model'!$S$36="","Year 3",'Set Up Your Model'!$S$36) -> 2027 | G6: =IF('Set Up Your Model'!$T$36="","Year 4",'Set Up Your Model'!$T$36) -> 2028 | H6: =IF('Set Up Your Model'!$U$36="","Year 5",'Set Up Your Model'!$U$36) -> 2029
C7: Other OPEX Source 1 | AE7: Name | AL7: Name | AS7: Name | AZ7: Name | BG7: Name | BN7: Name
C8: Other OPEX Source 2
C9: Other OPEX Source 3 | AE9: Total Number of Target Customers | AL9: Total Number of Target Customers | AS9: Total Number of Target Customers | AZ9: Total Number of Target Customers | BG9: Total Number of Target Customers | BN9: Total Number of Target Customers
C10: Other OPEX Source 4 | AE10: Market Growth % | AL10: Market Growth % | AS10: Market Growth % | AZ10: Market Growth % | BG10: Market Growth % | BN10: Market Growth %
C11: Other OPEX Source 5 | AE11: % Customers Captured in Year 1 | AL11: % Customers Captured in Year 1 | AS11: % Customers Captured in Year 1 | AZ11: % Customers Captured in Year 1 | BG11: % Customers Captured in Year 1 | BN11: % Customers Captured in Year 1
C12: Other OPEX Source 6 | AE12: Projected Revenue Growth for your company % | AL12: Projected Revenue Growth for your company % | AS12: Projected Revenue Growth for your company % | AZ12: Projected Revenue Growth for your company % | BG12: Projected Revenue Growth for your company % | BN12: Projected Revenue Growth for your company %
C13: Other OPEX Source 7 | AE13: Avg. Price for Market | AL13: Avg. Price for Market | AS13: Avg. Price for Market | AZ13: Avg. Price for Market | BG13: Avg. Price for Market | BN13: Avg. Price for Market
C14: Other OPEX Source 8 | AE14: # of Product / Service per Customer for Market | AL14: # of Product / Service per Customer for Market | AS14: # of Product / Service per Customer for Market | AZ14: # of Product / Service per Customer for Market | BG14: # of Product / Service per Customer for Market | BN14: # of Product / Service per Customer for Market
C15: Other OPEX Source 9 | AE15: Avg. Price for your Company | AL15: Avg. Price for your Company | AS15: Avg. Price for your Company | AZ15: Avg. Price for your Company | BG15: Avg. Price for your Company | BN15: Avg. Price for your Company
C16: Other OPEX Source 10 | AE16: # of Product / Service per Customer for your Company | AL16: # of Product / Service per Customer for your Company | AS16: # of Product / Service per Customer for your Company | AZ16: # of Product / Service per Customer for your Company | BG16: # of Product / Service per Customer for your Company | BN16: # of Product / Service per Customer for your Company
C17: Other OPEX Source 11
C18: Other OPEX Source 12 | AF18: Year 1 | AG18: Year 2 | AH18: Year 3 | AI18: Year 4 | AJ18: Year 5 | AM18: Year 1 | AN18: Year 2 | AO18: Year 3 | AP18: Year 4 | AQ18: Year 5 | AT18: Year 1 | AU18: Year 2 | AV18: Year 3 | AW18: Year 4 | AX18: Year 5 | BA18: Year 1 | BB18: Year 2 | BC18: Year 3 | BD18: Year 4 | BE18: Year 5 | BH18: Year 1 | BI18: Year 2 | BJ18: Year 3 | BK18: Year 4 | BL18: Year 5 | BO18: Year 1 | BP18: Year 2 | BQ18: Year 3 | BR18: Year 4 | BS18: Year 5
C19: TOTAL | D19: =SUM(D7:D18) -> 0 | E19: =SUM(E7:E18) -> 0 | F19: =SUM(F7:F18) -> 0 | G19: =SUM(G7:G18) -> 0 | H19: =SUM(H7:H18) -> 0 | AE19: Market Size | AF19: =AI9*AI13*AI14 -> 0 | AG19: =AF19*(1+$G$10) -> 0 | AH19: =AG19*(1+$G$10) -> 0 | AI19: =AH19*(1+$G$10) -> 0 | AJ19: =AI19*(1+$G$10) -> 0 | AL19: Market Size | AM19: =AP9*AP13*AP14 -> 0 | AN19: =AM19*(1+$G$10) -> 0 | AO19: =AN19*(1+$G$10) -> 0 | AP19: =AO19*(1+$G$10) -> 0 | AQ19: =AP19*(1+$G$10) -> 0 | AS19: Market Size | AT19: =AW9*AW13*AW14 -> 0 | AU19: =AT19*(1+$G$10) -> 0 | AV19: =AU19*(1+$G$10) -> 0 | AW19: =AV19*(1+$G$10) -> 0 | AX19: =AW19*(1+$G$10) -> 0 | AZ19: Market Size | BA19: =BD9*BD13*BD14 -> 0 | BB19: =BA19*(1+$G$10) -> 0 | BC19: =BB19*(1+$G$10) -> 0 | BD19: =BC19*(1+$G$10) -> 0 | BE19: =BD19*(1+$G$10) -> 0 | BG19: Market Size | BH19: =BK9*BK13*BK14 -> 0 | BI19: =BH19*(1+$G$10) -> 0 | BJ19: =BI19*(1+$G$10) -> 0 | BK19: =BJ19*(1+$G$10) -> 0 | BL19: =BK19*(1+$G$10) -> 0 | BN19: Market Size | BO19: =BR9*BR13*BR14 -> 0 | BP19: =BO19*(1+$G$10) -> 0 | BQ19: =BP19*(1+$G$10) -> 0 | BR19: =BQ19*(1+$G$10) -> 0 | BS19: =BR19*(1+$G$10) -> 0
AE20: Your Revenue | AF20: =AI9*AI11*AI15*AI16 -> 0 | AG20: =AF20*(1+$G$12) -> 0 | AH20: =AG20*(1+$G$12) -> 0 | AI20: =AH20*(1+$G$12) -> 0 | AJ20: =AI20*(1+$G$12) -> 0 | AL20: Your Revenue | AM20: =AP9*AP11*AP15*AP16 -> 0 | AN20: =AM20*(1+$G$12) -> 0 | AO20: =AN20*(1+$G$12) -> 0 | AP20: =AO20*(1+$G$12) -> 0 | AQ20: =AP20*(1+$G$12) -> 0 | AS20: Your Revenue | AT20: =AW9*AW11*AW15*AW16 -> 0 | AU20: =AT20*(1+$G$12) -> 0 | AV20: =AU20*(1+$G$12) -> 0 | AW20: =AV20*(1+$G$12) -> 0 | AX20: =AW20*(1+$G$12) -> 0 | AZ20: Your Revenue | BA20: =BD9*BD11*BD15*BD16 -> 0 | BB20: =BA20*(1+$G$12) -> 0 | BC20: =BB20*(1+$G$12) -> 0 | BD20: =BC20*(1+$G$12) -> 0 | BE20: =BD20*(1+$G$12) -> 0 | BG20: Your Revenue | BH20: =BK9*BK11*BK15*BK16 -> 0 | BI20: =BH20*(1+$G$12) -> 0 | BJ20: =BI20*(1+$G$12) -> 0 | BK20: =BJ20*(1+$G$12) -> 0 | BL20: =BK20*(1+$G$12) -> 0 | BN20: Your Revenue | BO20: =BR9*BR11*BR15*BR16 -> 0 | BP20: =BO20*(1+$G$12) -> 0 | BQ20: =BP20*(1+$G$12) -> 0 | BR20: =BQ20*(1+$G$12) -> 0 | BS20: =BR20*(1+$G$12) -> 0
C23: Total Other Operating Expenses
D24: =IF('Set Up Your Model'!$Q$36="","Year 1",'Set Up Your Model'!$Q$36) -> 2025 | E24: =IF('Set Up Your Model'!$R$36="","Year 2",'Set Up Your Model'!$R$36) -> 2026 | F24: =IF('Set Up Your Model'!$S$36="","Year 3",'Set Up Your Model'!$S$36) -> 2027 | G24: =IF('Set Up Your Model'!$T$36="","Year 4",'Set Up Your Model'!$T$36) -> 2028 | H24: =IF('Set Up Your Model'!$U$36="","Year 5",'Set Up Your Model'!$U$36) -> 2029
C25: Other OPEX Total | D25: =D19 -> 0 | E25: =E19 -> 0 | F25: =F19 -> 0 | G25: =G19 -> 0 | H25: =H19 -> 0

Sheet D&A
C1: Depreciation & Amortization
C3: Depriciation of Tangible Assets
A5: HELP | C5: # | D5: Asset | E5: Current Value | F5: Lifespan | G5: Salvage Value | H5: Depreciation Method | I5: =IF('Set Up Your Model'!$Q$36="","Year 1",'Set Up Your Model'!$Q$36) -> 2025 | J5: =IF('Set Up Your Model'!$R$36="","Year 2",'Set Up Your Model'!$R$36) -> 2026 | K5: =IF('Set Up Your Model'!$S$36="","Year 3",'Set Up Your Model'!$S$36) -> 2027 | L5: =IF('Set Up Your Model'!$T$36="","Year 4",'Set Up Your Model'!$T$36) -> 2028 | M5: =IF('Set Up Your Model'!$U$36="","Year 5",'Set Up Your Model'!$U$36) -> 2029
A6: >>Depriciation shows how value of tangible assets (such as buildings, machinery, etc.,) decreases over time due to use, wear and tear. >>Amortization spreads the cost of intangible assets (such as copyright, patents) over their useful life. | C6: 1 | D6: {=_xlws.FILTER('Investment Required'!$K:$K,'Investment Required'!$L:$L="Tangible")} -> #NAME? | E6: {=_xlws.FILTER('Investment Required'!$M:$M,'Investment Required'!$L:$L="Tangible")} -> #NAME?
C7: 2
C8: 3
C9: 4
C10: 5
C11: 6
C12: 7
C13: 8
C14: 9
C15: 10
C16: 11
C17: 12
C18: 13
... C20: 15
H21: TOTAL | I21: =SUM(I6:I20) -> 0 | J21: =SUM(J6:J20) -> 0 | K21: =SUM(K6:K20) -> 0 | L21: =SUM(L6:L20) -> 0 | M21: =SUM(M6:M20) -> 0
C23: Amortization of Intangible Assets
C25: # | D25: Asset | E25: Current Value | F25: Lifespan | G25: Salvage Value | H25: Amortization Method | I25: =IF('Set Up Your Model'!$Q$36="","Year 1",'Set Up Your Model'!$Q$36) -> 2025 | J25: =IF('Set Up Your Model'!$R$36="","Year 2",'Set Up Your Model'!$R$36) -> 2026 | K25: =IF('Set Up Your Model'!$S$36="","Year 3",'Set Up Your Model'!$S$36) -> 2027 | L25: =IF('Set Up Your Model'!$T$36="","Year 4",'Set Up Your Model'!$T$36) -> 2028 | M25: =IF('Set Up Your Model'!$U$36="","Year 5",'Set Up Your Model'!$U$36) -> 2029
C26: 1 | D26: {=_xlws.FILTER('Investment Required'!$K:$K,'Investment Required'!$L:$L="Intangible")} -> #NAME? | E26: {=_xlws.FILTER('Investment Required'!$M:$M,'Investment Required'!$L:$L="Intangible")} -> #NAME?
C27: 2
C28: 3
C29: 4
C30: 5
C31: 6
C32: 7
C33: 8
C34: 9
C35: 10
C36: 11
C37: 12
C38: 13
... C40: 15
H41: TOTAL | I41: =SUM(I26:I40) -> 0 | J41: =SUM(J26:J40) -> 0 | K41: =SUM(K26:K40) -> 0 | L41: =SUM(L26:L40) -> 0 | M41: =SUM(M26:M40) -> 0
